 Dungeon Crawl Stone Soup version 0.29.0-4-gdea44cf6ec (webtiles) character file.

Game seed: 7687056038913441061

558799 qw the Conqueror (level 26, 0/193 HPs)
             Began as a Gargoyle Fighter on Sept 10, 2022.
             Was a High Priest of Okawaru.
             Slain by a green draconian
             ... wielding a +0 flail
             ... led by a black draconian knight
              (14 damage)
             ... on level 5 of the Realm of Zot.
             The game lasted 00:36:08 (54458 turns).

qw the Conqueror (Gargoyle Fighter)                Turns: 54458, Time: 00:36:09

Health: 0/193      AC:  0    Str: 29    XL:     26   Next: 57%
Magic:  27/28      EV: 28    Int:  8    God:    Okawaru [*****.]
Gold:   2765       SH:  5    Dex: 14    Spells: 25/25 levels left

rFire   . . .      SeeInvis .     - Unarmed
rCold   . . .      Faith    .   (shield currently unavailable)
rNeg    + . .      Spirit   .   (body armour currently unavailable)
rPois   inf        Reflect  +   (helmet currently unavailable)
rElec   .          Harm     .   (cloak currently unavailable)
rCorr   .          Rampage  .   (gloves currently unavailable)
Will    ++...                   (boots currently unavailable)
Stlth   +++.......              E - amulet of reflection
HPRegen 0.42/turn               (ring currently unavailable)
MPRegen 0.21/turn               (ring currently unavailable)

@: about to teleport, bat-form, heroic, finesse-ful, flying, very quick
A: fast, flying, no casting, sickness immunity, AC +20, tiny, (big wings),
negative energy resistance 1, (electricity resistance), torment resistance 1,
petrification resistance, (beak), dopey 1, low MP 1, strong-willed 1, weak 1
}: 3/15 runes: barnacled, silver, gossamer
a: Renounce Religion, Heroism, Finesse, Duel


You were on level 5 of the Realm of Zot.
You worshipped Okawaru.
Okawaru was extremely pleased with you.
You were a bat.
You visited 8 branches of the dungeon, and saw 44 of its levels.

You collected 6537 gold pieces.
You spent 3772 gold pieces at shops.


Innate Abilities, Weirdness & Mutations

You are a bat.
You are tiny and dextrous.
You move quickly.
You are flying.
Your equipment is almost entirely melded.
You are incapable of wielding weapons or throwing items.
You cannot cast spells.
You are immune to sickness and miasma.
((Your stone body is resilient. (AC +20)))
You are immune to poison.
((Your large and strong wings let you fly.))
You resist negative energy. (rN+)
((You are resistant to electric shocks. (rElec)))
You are resistant to unholy torment.
You are immune to petrification.
((You have a beak for a mouth.))
You are dopey. (Int -2)
Your magical capacity is low. (-10% MP)
You are strong-willed. (Will+)
You are weak. (Str -2)


   Skills:
 O Level 27 Fighting
 - Level 18.0(23.0) Axes
 - Level 15.0(20.0) Throwing
 - Level 22.0(27) Armour
 + Level 9.0(14.0) Dodging
 - Level 22.0(27) Shields
 - Level 11.6 Invocations


You had 25 spell levels left.
You didn't know any spells.
Your spell library was empty.

Inventory:

Hand Weapons
 c - the +3 broad axe of the Swamp (melded) {vamp, rPois}
   (Okawaru gifted it to you on level 4 of the Vaults)

   It occasionally heals its wielder for a portion of the damage dealt when it
   wounds a living foe.
   rPois:     It protects you from poison.
Missiles
 w - 19 javelins
Armour
 f - the +9 plate armour "Hokouzat" {-Tele Will+ Int-5 Dex+8}
   (You found it on level 3 of the Lair of Beasts)

   Int:       It affects your intelligence (-5).
   Dex:       It affects your dexterity (+8).
   -Tele:     It prevents most forms of teleportation.
   Will:      It increases your willpower.
 h - +9 gold dragon scales (melded)
 l - a +2 cloak
 n - the +2 pair of gloves "Eptayhid" {rElec rF- rC++ rN+++ Slay+3}
   (Okawaru gifted it to you on level 3 of the Vaults)

   Slay:      It affects your accuracy & damage with ranged weapons and melee
   (+3).
   rF:        It makes you vulnerable to fire.
   rC:        It greatly protects you from cold.
   rElec:     It insulates you from electricity.
   rN:        It renders you almost immune to negative energy.
 p - a +2 pair of boots (melded)
 r - the +3 pair of gauntlets of War (melded) {Slay+5}
   (You found it on level 5 of the Vaults)

   Slay:      It affects your accuracy & damage with ranged weapons and melee
   (+5).
 v - the +10 tower shield of Ignorance (melded) {rN+ Int-4}
   (Okawaru gifted it to you on level 1 of the Realm of Zot)

   Int:       It affects your intelligence (-4).
   rN:        It protects you from negative energy.
 B - a +1 cloak of willpower (melded)
Jewellery
 m - the ring of the Tortoise (melded) {AC+8}
   (You found it on level 1 of the Depths)

   [ring of protection]

   AC:        It affects your AC (+8).
 y - a ring of protection from fire
 E - an amulet of reflection (around neck)
 Y - a +4 ring of evasion (melded)
Wands
 s - a wand of digging (7)
Scrolls
 a - 20 scrolls of identify
 k - 21 scrolls of teleportation
 z - a scroll of enchant weapon
 D - a scroll of brand weapon
 F - 11 scrolls of blinking
Potions
 b - 28 potions of curing
 d - 11 potions of might
 e - 5 potions of resistance
 g - 7 potions of attraction
 j - 7 potions of lignification
 o - 18 potions of heal wounds
 q - 10 potions of haste
 t - 7 potions of mutation
 A - 3 potions of magic

Dungeon Overview and Level Annotations

Branches:
Dungeon (15/15)            Temple (0/1) D:7            Lair (5/5) D:11
 Shoals (4/4) Lair:3       Spider (4/4) Lair:3        Slime (0/5) Lair:4
    Orc (2/2) D:12            Elf (0/3) Orc:2        Vaults (5/5) D:14
  Crypt (0/3) Vaults:3     Depths (4/4) D:15            Zot (5/5) Depths:4

Altars:
Cheibriados
Elyvilon
Gozag
Kikubaaqudgha
Okawaru
Qazlal
Trog
Xom
Yredelemnul
Zin
Jiyva

Shops:
D:2 [   D:6 (*   D:11 !   D:15 *   Orc:2 *[:?   Vaults:1 !!((*   Depths:1 *[?*
Depths:3 :==

Portals:
Hell: Depths:1 Depths:2 Depths:3 Depths:4
Abyss: Depths:1 Depths:3
Pandemonium: Depths:1 Depths:2 Depths:3
Ziggurat: Depths:2
Trove: Vaults:3 (give robe of Vines)

Annotations:
D:5 2 runed translucent doors, qw's ghost, novice FoCA
D:10 1 runed translucent door, qw's ghost, novice MiBe
D:12 3 runed translucent doors
Vaults:4 36 runed doors, Tang's ghost, master DsGl
Depths:3 1 transporter
Depths:4 3 runed translucent doors, Gucom's ghost, veteran GnFi; Pikuto's ghost, adept MiBe; qw's ghost, adept MiFi


Message History

You bite the Killer Klown!
The Killer Klown is almost dead.
The Orb Guardian completely misses you.
You hit the Killer Klown.
The Killer Klown is almost dead.
The Killer Klown blinks!
You hit the green draconian monk.
The green draconian monk is severely wounded.
The green draconian monk hits you. The green draconian monk kicks you.
The green draconian monk misses you.
The green draconian monk tail-slaps you!
You block the yellow draconian's attack.
You bite the green draconian monk!
The green draconian monk is almost dead.
The Orb Guardian hits you.
You hit the green draconian monk.
The green draconian monk is almost dead.
The Killer Klown blinks!
You hit the green draconian monk.
The green draconian monk is almost dead.
You bite the green draconian monk!
The green draconian monk is almost dead.
The Orb Guardian hits you!!
You block the yellow draconian's attack.
The green draconian monk hits you.
The green draconian monk closely misses you.
The green draconian monk misses you.
The green draconian monk closely misses you.
The purple draconian shifter gestures at you while chanting.
The Killer Klown blinks!
You bite the Killer Klown!
The Killer Klown is almost dead.
The Killer Klown elbows you with a +9 club!
54458 ||| READING 22 scrolls of teleportation.
As you read the scroll of teleportation, it crumbles to dust.
You feel strangely unstable.
You feel the Orb delaying your translocation!
The Orb Guardian hits you!! The Killer Klown barely misses you.
You block the green draconian's attack. The green draconian tail-slaps you!
You die...

........^## ##..............
.........# ##.)....[........
........## #........).......
........# #...¤.....)(^....
........## #^....¤..........
.........# #................
........[## #................
..........###..p)d....q.....^
########...###..bX...........
##...(##)q)....!..(...
###..dd(....(..^.(...
##############(.... ..... .(.


You could see a Killer Klown, a green draconian monk, 2 draconians, a green
draconian, a purple draconian shifter and an Orb Guardian.

Vanquished Creatures
  A dread lich (Zot:5)
  An ancient lich (Zot:5)
  3 orbs of fire
  Sojobo (Depths:3)
  Margery (Vaults:5)
  Xtahua (Vaults:5)
  Parghit (Depths:4)
  Frederick (Depths:4)
  Bai Suzhen (Spider:4)
  5 Killer Klowns
  Saint Roka (Depths:2)
  2 curse toes
  11 golden dragons
  Jory (Depths:3)
  3 electric golems
  Rupert (Spider:1)
  17 tentacled monstrosities
  Mlioglotl (Spider:1)
  4 liches
  6 quicksilver dragons
  17 Orb Guardians (Zot:5)
  Gastronok (Lair:1)
  6 death cobs
  6 sphinxes
  Agnes (D:15)
  An Executioner (Depths:2)
  2 krakens
  6 tengu reavers
  7 shadow dragons
  6 draconian monks
  23 storm dragons
  Kirke (D:15)
  Ilsuiw (Shoals:2)
  7 fire giants
  14 vault wardens
  6 draconian knights
  3 frost giants
  2 deep elf sorcerers (Vaults:5)
  A ghost moth (shapeshifter) (Vaults:2)
  6 draconian scorchers
  3 iron dragons
  9 ghost moths
  5 orc warlords
  2 emperor scorpions
  Louise (D:15)
  2 draconian shifters
  A cacodemon (Zot:3)
  4 draconian stormcallers
  28 very ugly things
  2 broodmothers
  4 war gargoyles
  9 draconian annihilators
  A reaper (Depths:1)
  2 spriggan defenders (Depths:2)
  6 ironbound thunderhulks
  16 ironbound preservers
  19 stone giants
  12 green draconians
  2 grey draconians (Depths:4)
  6 black draconians
  10 vampire knights
  17 purple draconians
  8 entropy weavers
  A minotaur (Shoals:4)
  Azrael (D:15)
  13 red draconians
  14 white draconians
  15 spark wasps
  14 ettins
  17 yellow draconians
  10 dire elephants
  9 fire dragons
  2 merfolk javelineers
  2 blizzard demons
  2 jiangshi (Depths:1)
  3 crystal guardians
  2 deep elf death magi (Vaults:5)
  11 yaktaur captains
  7 merfolk impalers
  30 vault guards
  Harold (D:9)
  6 great orbs of eyes
  2 rakshasas (Depths:1)
  10 ice dragons
  11 boulder beetles
  12 hydras
  5 peacekeepers
  3 jorogumos
  2 catoblepae
  3 merfolk avatars
  10 satyrs
  A radroach (Spider:3)
  10 ironbound frosthearts
  6 spriggan air magi
  8 merfolk aquamancers
  A death knight (D:14)
  6 ogre magi
  A two-headed ogre (shapeshifter) (Vaults:5)
  16 two-headed ogres
  23 centaur warriors
  7 tengu warriors
  A death yak (Lair:5)
  10 deep troll shamans
  A hell hog (Depths:4)
  4 vampire magi
  5 deep troll earth magi
  4 spriggan berserkers
  Urug (Lair:4)
  A soul eater (Depths:3)
  4 hell knights (Vaults:5)
  Sonja (D:10)
  8 sun demons
  A titan skeleton (Vaults:4)
  A fire crab (D:15)
  5 pharaoh ants
  2 sun moths
  Amaemon (Lair:1)
  14 iron trolls
  A sixfirhy (Depths:1)
  A spectral anaconda (Lair:5)
  10 skeletal warriors
  41 deep trolls
  12 sea snakes
  4 orb spiders
  A flayed ghost (Depths:4)
  6 glowing orange brains
  12 lindwurms
  An obsidian statue (Lair:5)
  Pikel (D:9)
  11 steelbarb worms
  A sphinx zombie (Vaults:3)
  6 wizards
  17 ironbound convokers
  39 harpies
  6 phantasmal warriors
  9 necromancers
  10 wolf spiders
  A faun (shapeshifter) (Vaults:5)
  2 deep elf pyromancers (D:14)
  12 orc knights
  2 orc sorcerers (Orc:2)
  18 fauns
  A salamander (Depths:4)
  42 ugly things
  10 cyclopes
  A stone giant zombie (Vaults:4)
  3 shining eyes (Depths:4)
  42 moths of wrath
  21 manticores
  10 elephants
  11 merfolk sirens
  8 water nymphs
  Joseph (D:9)
  A smoke demon (Depths:3)
  2 dire elephant zombies (Lair:5)
  6 black mambas
  16 vault sentinels
  2 torpor snails
  An orange demon (Lair:1)
  Maurice (D:10)
  An unseen horror (D:11)
  A cane toad (shapeshifter) (D:14)
  11 cane toads
  3 gargoyles
  2 efreet
  18 eyes of devastation
  An unseen horror (shapeshifter) (D:14)
  9 komodo dragons
  A kobold demonologist (D:14)
  3 rime drakes
  19 yaktaurs
  11 demonic crawlers
  Psyche (D:8)
  2 freezing wraiths
  A tengu conjurer (Depths:3)
  2 hellwings (Depths:3)
  3 meliai (Spider:4)
  2 human skeletons
  8 trolls
  3 red devils
  33 merfolk
  2 polar bears
  5 hornets
  18 tarantellas
  8 wind drakes
  42 slime creatures
  Prince Ribbit (D:6)
  13 blink frogs
  4 dream sheep (Shoals:4)
  A snapping turtle (shapeshifter) (Vaults:5)
  7 snapping turtles
  13 culicivoras
  2 shadows
  2 spriggans (Depths:2)
  18 jumping spiders
  2 fire elementals (D:15)
  2 ynoxinuls
  A basilisk (shapeshifter) (D:14)
  18 water elementals
  47 yaks
  2 centaur simulacra (D:14)
  A wraith (D:11)
  7 wyverns
  5 hogs (D:15)
  14 basilisks
  9 humans
  Grum (D:8)
  3 golden eyes (Depths:2)
  47 redbacks
  2 death yak simulacra (Lair:5)
  A chaos spawn (Depths:1)
  4 vampire mosquitoes
  2 neqoxecs (Depths:3)
  A spectral cane toad (Lair:5)
  5 wargs
  An elf skeleton (Vaults:3)
  4 acid dragons
  4 hell hounds
  13 water moccasins
  A sky beast (D:7)
  6 black bears
  37 orc warriors
  An elephant zombie (Lair:5)
  36 ogres
  9 boggarts
  10 wolves
  11 centaurs
  Blork the orc (D:6)
  3 kobold brigands
  9 bullfrogs
  2 necrophages
  A cane toad simulacrum (Lair:5)
  9 scorpions
  14 wights
  8 killer bees (D:10)
  3 elephant simulacra (Lair:5)
  9 electric eels
  5 howler monkeys
  3 hounds
  7 jellies
  A gnoll bouda (Lair:1)
  13 orc priests
  Ijyb (D:3)
  5 hell rats (Lair:4)
  3 iguanas
  28 orc wizards
  Robin (D:3)
  2 gnolls (D:4)
  5 adders
  A shadow imp (D:8)
  A white imp (D:6)
  3 worms
  A dart slug (D:2)
  93 orcs
  6 ball pythons
  5 bats
  14 endoplasms
  2 giant cockroaches
  16 goblins
  19 hobgoblins
  4 jackals
  19 kobolds
  8 quokkas
  6 frilled lizards
  3 rats
  5 tentacles
2030 creatures vanquished.

Vanquished Creatures (others)
  A golden dragon (Zot:1)
  A tentacled monstrosity (Vaults:5)
  A titan (Vaults:5)
  A sphinx (Vaults:5)
  A fire giant (Depths:4)
  A very ugly thing (Vaults:5)
  A merfolk aquamancer (Shoals:3)
  A wizard (Vaults:2)
  30 fungi
  144 plants
  5 tentacles
  11 toadstools
  27 withered plants
225 creatures vanquished.

Grand Total: 2255 creatures vanquished

Notes
Turn   | Place    | Note
-------+----------+-------------------------------------------
     0 | D:1      | qw the Gargoyle Fighter began the quest for the Orb.
     0 | D:1      | Reached XP level 1. HP: 14/14 MP: 1/1
     0 | D:1      | 0 ||| qw: Version: 0.1-a-113-g051387a
     0 | D:1      | 0 ||| qw: Game counter: 7412
     0 | D:1      | 0 ||| qw: Always use a shield: true
     0 | D:1      | 0 ||| qw: God list: Okawaru
     0 | D:1      | 0 ||| qw: Allow faded altars: false
     0 | D:1      | 0 ||| qw: Do Orc after D:15 true
     0 | D:1      | 0 ||| qw: Do second Lair branch before Depths: true
     0 | D:1      | 0 ||| qw: Lair rune preference: random
     0 | D:1      | 0 ||| qw: Plans: Normal, Zot, God:TSO, Crypt, Tomb, Zig,
                  | Orb
     0 | D:1      | 0 ||| PLANNING D:1-11
    76 | D:1      | Reached XP level 2. HP: 15/19 MP: 2/2
   523 | D:1      | Reached skill level 3 in Axes
   633 | D:1      | 633 ||| Stepping ~*~*~tactically~*~*~ (stealth).
   635 | D:1      | 635 ||| Stepping ~*~*~tactically~*~*~ (stealth).
   636 | D:1      | 636 ||| Stepping ~*~*~tactically~*~*~ (stealth).
   644 | D:1      | Reached XP level 3. HP: 22/23 MP: 3/3
   804 | D:1      | Found a faded altar of an unknown god.
   841 | D:1      | 841 ||| Stepping ~*~*~tactically~*~*~ (stealth).
   864 | D:1      | 864 ||| Stepping ~*~*~tactically~*~*~ (stealth).
   865 | D:1      | 865 ||| Stepping ~*~*~tactically~*~*~ (stealth).
  1102 | D:1      | 1102 ||| READING scroll labelled ZIEBIE PY ZUTH.
  1103 | D:1      | 1103 ||| READING scroll labelled SEPOUCLA WUELU.
  1166 | D:2      | 1166 ||| FLEEEEING.
  1169 | D:2      | 1169 ||| STAIRDANCE
  1325 | D:2      | 1325 ||| STAIRDANCE
  1409 | D:2      | Found Oklekerut's Antique Armour Shop.
  1415 | D:2      | 1415 ||| SHOPLISTING glowing ring mail (210 gold, have
                  | 109).
  1415 | D:2      | 1415 ||| SHOPLISTING translucent ring mail (270 gold, have
                  | 109).
  1448 | D:2      | Found a glowing silver altar of Zin.
  1548 | D:2      | Reached XP level 4. HP: 28/28 MP: 4/4
  2033 | D:2      | 2033 ||| UPGRADING to +0 chain mail.
  2043 | D:2      | 2043 ||| DROPPING +0 scale mail.
  2045 | D:2      | 2045 ||| READING scroll labelled JOTHESCH MENAE.
  2046 | D:2      | 2046 ||| READING scroll labelled MORIAF ZUILEUR.
  2047 | D:2      | 2047 ||| DRINKING 2 fizzy silvery potions.
  2048 | D:2      | 2048 ||| READING 2 scrolls of identify.
  2048 | D:2      | 2048 ||| IDENTIFYING smoky silvery potion
  2114 | D:3      | 2114 ||| READING scroll of enchant weapon.
  2114 | D:3      | 2114 ||| ENCHANTING +1 war axe.
  2347 | D:3      | Noticed Ijyb
  2348 | D:3      | 2348 ||| FLEEEEING.
  2349 | D:3      | 2349 ||| FLEEEEING.
  2350 | D:3      | 2350 ||| FLEEEEING.
  2351 | D:3      | 2351 ||| FLEEEEING.
  2352 | D:3      | 2352 ||| FLEEEEING.
  2353 | D:3      | 2353 ||| FLEEEEING.
  2354 | D:3      | 2354 ||| FLEEEEING.
  2355 | D:3      | 2355 ||| FLEEEEING.
  2356 | D:3      | 2356 ||| STAIRDANCE
  2458 | D:2      | 2458 ||| READING scroll labelled PUCAXT RITEQIOTA.
  2576 | D:3      | Killed Ijyb
  2577 | D:3      | Reached XP level 5. HP: 32/32 MP: 5/5
  2714 | D:3      | 2714 ||| Stepping ~*~*~tactically~*~*~ (hiding).
  2724 | D:3      | 2724 ||| DRINKING potion of curing.
  2724 | D:3      | 2724 ||| (to cure confusion)
  2733 | D:3      | 2733 ||| FLEEEEING.
  3388 | D:3      | Noticed Robin
  3400 | D:3      | Killed Robin
  3621 | D:3      | 3621 ||| UPGRADING to +2 helmet.
  3626 | D:3      | 3626 ||| READING scroll labelled PIOFYL GOMMAUM.
  3627 | D:3      | 3627 ||| DRINKING 2 ruby potions.
  3628 | D:3      | 3628 ||| DROPPING potion of brilliance.
  3663 | D:4      | Reached XP level 6. HP: 38/38 MP: 6/6
  3682 | D:4      | Reached skill level 4 in Fighting
  3731 | D:4      | Noticed a water moccasin
  3749 | D:4      | Killed a water moccasin
  3983 | D:4      | Identified the +9 short sword of Paopt {flame, Fragile
                  | rElec Will+ rCorr}
  3998 | D:4      | 3998 ||| Stepping ~*~*~tactically~*~*~ (stealth).
  4007 | D:4      | Reached skill level 6 in Axes
  4007 | D:4      | Reached XP level 7. HP: 36/44 MP: 7/7
  4220 | D:4      | 4220 ||| Stepping ~*~*~tactically~*~*~ (stealth).
  4220 | D:4      | Found a basalt altar of Yredelemnul.
  4262 | D:4      | 4262 ||| Stepping ~*~*~tactically~*~*~ (stealth).
  4286 | D:4      | 4286 ||| DROPPING +0 whip.
  4364 | D:4      | Reached skill level 1 in Dodging
  4400 | D:4      | 4400 ||| FLEEEEING.
  4921 | D:4      | 4921 ||| UPGRADING to +0 plate armour.
  4931 | D:4      | 4931 ||| DROPPING +0 chain mail.
  4932 | D:4      | 4932 ||| READING 2 scrolls of enchant armour.
  4932 | D:4      | 4932 ||| ENCHANTING +0 plate armour.
  4933 | D:4      | 4933 ||| READING scroll of enchant armour.
  4933 | D:4      | 4933 ||| ENCHANTING +1 plate armour.
  4934 | D:4      | 4934 ||| UPGRADING to amulet of regeneration.
  4939 | D:4      | 4939 ||| DROPPING ring of magical power.
  4940 | D:4      | 4940 ||| READING scroll labelled IDWOIPS WIKH.
  4941 | D:4      | 4941 ||| READING scroll labelled HEEF FAARESOT.
  4942 | D:4      | 4942 ||| READING 3 scrolls labelled DAPAOCAOLU.
  4943 | D:4      | 4943 ||| DROPPING 2 scrolls of fear.
  4958 | D:5      | Entered Level 5 of the Dungeon
  5164 | D:5      | Found a large runed translucent door.
  5164 | D:5      | Found a large runed translucent door.
  5166 | D:5      | Noticed qw's ghost (novice FoCA)
  5303 | D:5      | 5303 ||| Stepping ~*~*~tactically~*~*~ (stealth).
  5306 | D:5      | 5306 ||| Stepping ~*~*~tactically~*~*~ (stealth).
  5324 | D:5      | 5324 ||| Stepping ~*~*~tactically~*~*~ (stealth).
  5329 | D:5      | Noticed a slime creature
  5335 | D:5      | Killed a slime creature
  5336 | D:5      | Reached XP level 8. HP: 21/48 MP: 8/8
  5487 | D:5      | Found an iron altar of Okawaru.
  5490 | D:5      | Became a worshipper of Warmaster Okawaru
  5508 | D:5      | Found a glowing silver altar of Zin.
  5647 | D:5      | 5647 ||| READING scroll labelled TOBIUH AGUXKAE.
  5650 | D:5      | 5650 ||| DRINKING 2 blue potions.
  5754 | D:5      | 5754 ||| DROPPING potion of berserk rage.
  5936 | D:5      | 5936 ||| READING 3 scrolls of identify.
  5936 | D:5      | 5936 ||| IDENTIFYING coppery potion
  6058 | D:6      | Reached skill level 5 in Fighting
  6072 | D:6      | 6072 ||| FLEEEEING.
  6073 | D:6      | 6073 ||| FLEEEEING.
  6082 | D:6      | 6082 ||| DROPPING +1 flail of protection.
  6110 | D:6      | Found Damuziukk's Assorted Antiques.
  6118 | D:6      | 6118 ||| BUYING scroll labelled DIDAOXO LEWN (23 gold).
  6118 | D:6      | Bought a scroll labelled DIDAOXO LEWN for 23 gold pieces
  6118 | D:6      | 6118 ||| BUYING scroll labelled KECVESEUHO (23 gold).
  6118 | D:6      | Bought a scroll labelled KECVESEUHO for 23 gold pieces
  6118 | D:6      | 6118 ||| BUYING scroll of identify (46 gold).
  6118 | D:6      | Bought a scroll of identify for 46 gold pieces
  6160 | D:6      | 6160 ||| Stepping ~*~*~tactically~*~*~ (stealth).
  6170 | D:6      | Reached skill level 6 in Fighting
  6172 | D:6      | Reached * piety under Okawaru
  6173 | D:6      | 6173 ||| INVOKING Heroism.
  6174 | D:6      | HP: 10/51 [wight/+0 dagger (5)]
  6175 | D:6      | 6175 ||| DRINKING potion of heal wounds.
  6178 | D:6      | Reached skill level 1 in Invocations
  6182 | D:6      | Reached XP level 9. HP: 31/55 MP: 6/10
  6184 | D:6      | 6184 ||| INVOKING Heroism.
  6193 | D:6      | 6193 ||| FLEEEEING.
  6194 | D:6      | 6194 ||| FLEEEEING.
  6195 | D:6      | 6195 ||| FLEEEEING.
  6200 | D:6      | 6200 ||| INVOKING Heroism.
  6208 | D:6      | Reached skill level 3 in Invocations
  6260 | D:6      | 6260 ||| INVOKING Heroism.
  6317 | D:6      | Found Hycvase's Weapon Shop.
  6320 | D:6      | 6320 ||| BUYING +1 morningstar of protection (141 gold).
  6320 | D:6      | Bought a +1 morningstar of protection for 141 gold pieces
  6320 | D:6      | 6320 ||| DROPPING +0 morningstar.
  6325 | D:6      | 6325 ||| INVOKING Heroism.
  6439 | D:6      | 6439 ||| READING scroll of enchant armour.
  6439 | D:6      | 6439 ||| ENCHANTING +2 plate armour.
  6517 | D:6      | 6517 ||| Stepping ~*~*~tactically~*~*~ (stealth).
  6645 | D:6      | Noticed Prince Ribbit
  6646 | D:6      | 6646 ||| INVOKING Heroism.
  6649 | D:6      | Killed Prince Ribbit
  6650 | D:6      | Reached skill level 1 in Throwing
  6809 | D:6      | 6809 ||| INVOKING Heroism.
  6912 | D:6      | 6912 ||| READING 2 scrolls labelled DIDAOXO LEWN.
  6913 | D:6      | 6913 ||| READING scroll labelled YGUDGHIVV GOTOF.
  6914 | D:6      | 6914 ||| READING scroll labelled KECVESEUHO.
  6915 | D:6      | 6915 ||| DROPPING scroll of amnesia.
  6955 | D:6      | Noticed Blork the orc
  6956 | D:6      | 6956 ||| Stepping ~*~*~tactically~*~*~ (hiding).
  6957 | D:6      | 6957 ||| Stepping ~*~*~tactically~*~*~ (hiding).
  6963 | D:6      | 6963 ||| INVOKING Heroism.
  6971 | D:6      | Killed Blork the orc
  7015 | D:5      | Reached skill level 9 in Axes
  7372 | D:5      | 7372 ||| READING 3 scrolls of identify.
  7372 | D:5      | 7372 ||| IDENTIFYING golden potion
  7373 | D:5      | 7373 ||| READING 2 scrolls of identify.
  7373 | D:5      | 7373 ||| IDENTIFYING pink potion
  7374 | D:5      | 7374 ||| DROPPING potion of ambrosia.
  7410 | D:7      | 7410 ||| Stepping ~*~*~tactically~*~*~ (stealth).
  7411 | D:7      | 7411 ||| INVOKING Heroism.
  7418 | D:7      | 7418 ||| Stepping ~*~*~tactically~*~*~ (hiding).
  7419 | D:7      | 7419 ||| Stepping ~*~*~tactically~*~*~ (hiding).
  7420 | D:7      | 7420 ||| Stepping ~*~*~tactically~*~*~ (hiding).
  7423 | D:7      | Noticed a hornet
  7425 | D:7      | Reached ** piety under Okawaru
  7431 | D:7      | Killed a hornet
  7433 | D:7      | Reached skill level 7 in Fighting
  7439 | D:7      | 7439 ||| INVOKING Heroism.
  7465 | D:7      | Found a staircase to the Ecumenical Temple.
  7525 | D:7      | Reached skill level 6 in Armour
  7551 | D:7      | 7551 ||| Stepping ~*~*~tactically~*~*~ (stealth).
  7624 | D:7      | Reached XP level 10. HP: 63/63 MP: 13/13
  7826 | D:7      | 7826 ||| UPGRADING to +0 cloak.
  7831 | D:7      | 7831 ||| READING 3 scrolls of identify.
  7831 | D:7      | 7831 ||| IDENTIFYING red potion
  7832 | D:7      | 7832 ||| DROPPING potion of degeneration.
  7838 | D:8      | 7838 ||| INVOKING Heroism.
  7841 | D:8      | Noticed Psyche
  7857 | D:8      | 7857 ||| DRINKING 5 potions of curing.
  7857 | D:8      | 7857 ||| (to cure confusion)
  7860 | D:8      | Killed Psyche
  7860 | D:8      | Reached *** piety under Okawaru
  7945 | D:8      | 7945 ||| READING scroll of enchant weapon.
  7945 | D:8      | 7945 ||| ENCHANTING +2 war axe of venom.
  8001 | D:8      | 8001 ||| INVOKING Heroism.
  8035 | D:8      | Noticed Grum
  8036 | D:8      | 8036 ||| INVOKING Heroism.
  8051 | D:8      | Killed Grum
  8052 | D:8      | Reached skill level 8 in Fighting
  8072 | D:8      | 8072 ||| INVOKING Heroism.
  8223 | D:8      | Found a shimmering altar of Xom.
  8224 | D:8      | Found a white marble altar of Elyvilon.
  8225 | D:8      | Found a snail-covered altar of Cheibriados.
  8226 | D:8      | Found a stormy altar of Qazlal.
  8297 | D:8      | 8297 ||| UPGRADING to +1 pair of boots.
  8302 | D:8      | 8302 ||| READING scroll labelled MITIGG YMNIT.
  8303 | D:8      | 8303 ||| READING 2 scrolls of identify.
  8303 | D:8      | 8303 ||| IDENTIFYING fuming dark potion
  8339 | D:9      | 8339 ||| INVOKING Heroism.
  8410 | D:9      | Noticed a two-headed ogre
  8411 | D:9      | 8411 ||| INVOKING Heroism.
  8414 | D:9      | Killed a two-headed ogre
  8414 | D:9      | Reached **** piety under Okawaru
  8492 | D:9      | 8492 ||| Stepping ~*~*~tactically~*~*~ (stealth).
  8493 | D:9      | Noticed Joseph
  8515 | D:9      | Killed Joseph
  8548 | D:9      | Noticed Harold
  8549 | D:9      | 8549 ||| INVOKING Heroism.
  8568 | D:9      | Killed Harold
  8762 | D:9      | Reached skill level 6 in Invocations
  8762 | D:9      | Reached XP level 11. HP: 68/68 MP: 15/15
  8859 | D:9      | Noticed a two-headed ogre
  8860 | D:9      | 8860 ||| INVOKING Heroism.
  8867 | D:9      | Killed a two-headed ogre
  8867 | D:9      | Reached ***** piety under Okawaru
  8867 | D:9      | Received a gift from Okawaru
  9034 | D:9      | Noticed Pikel
  9038 | D:9      | 9038 ||| INVOKING Heroism.
  9044 | D:9      | Killed Pikel
  9095 | D:9      | 9095 ||| DROPPING orb of guile.
  9129 | D:10     | Entered Level 10 of the Dungeon
  9129 | D:10     | Noticed a two-headed ogre
  9130 | D:10     | 9130 ||| STAIRDANCE
  9134 | D:10     | 9134 ||| STAIRDANCE
  9150 | D:10     | 9150 ||| STAIRDANCE
  9152 | D:9      | 9152 ||| INVOKING Heroism.
  9162 | D:9      | Killed a two-headed ogre
  9196 | D:10     | 9196 ||| STAIRDANCE
  9232 | D:10     | 9232 ||| Stepping ~*~*~tactically~*~*~ (stealth).
  9298 | D:10     | Received a gift from Okawaru
  9308 | D:10     | 9308 ||| Stepping ~*~*~tactically~*~*~ (hiding).
  9309 | D:10     | 9309 ||| Stepping ~*~*~tactically~*~*~ (hiding).
  9314 | D:10     | 9314 ||| INVOKING Heroism.
  9362 | D:10     | Found a runed translucent door.
  9363 | D:10     | Noticed Maurice
  9376 | D:10     | 9376 ||| INVOKING Heroism.
  9393 | D:10     | Killed Maurice
  9393 | D:10     | Identified the quicksilver dragon scales "Yhadiom" {rN+
                  | Will+ Str+7} (Okawaru gifted it to you on level 10 of the
                  | Dungeon)
  9393 | D:10     | Received a gift from Okawaru
  9399 | D:10     | Noticed qw's ghost (novice MiBe)
  9536 | D:10     | 9536 ||| Stepping ~*~*~tactically~*~*~ (stealth).
  9538 | D:10     | 9538 ||| Stepping ~*~*~tactically~*~*~ (stealth).
  9554 | D:10     | 9554 ||| Stepping ~*~*~tactically~*~*~ (stealth).
  9570 | D:10     | 9570 ||| Stepping ~*~*~tactically~*~*~ (stealth).
  9579 | D:10     | 9579 ||| Stepping ~*~*~tactically~*~*~ (stealth).
  9596 | D:10     | 9596 ||| Stepping ~*~*~tactically~*~*~ (stealth).
  9632 | D:10     | Noticed Sonja
  9633 | D:10     | 9633 ||| Stepping ~*~*~tactically~*~*~ (hiding).
  9635 | D:10     | 9635 ||| INVOKING Finesse.
  9645 | D:10     | 9645 ||| Stepping ~*~*~tactically~*~*~ (hiding).
  9650 | D:10     | Killed Sonja
  9796 | D:10     | 9796 ||| UPGRADING to quicksilver dragon scales "Yhadiom"
                  | {rN+ Will+ Str+7}.
  9856 | D:11     | 9856 ||| Stepping randomly (disturbance).
  9857 | D:11     | 9857 ||| Stepping randomly (disturbance).
  9873 | D:11     | Reached skill level 9 in Invocations
  9882 | D:11     | 9882 ||| Stepping ~*~*~tactically~*~*~ (hiding).
  9884 | D:11     | 9884 ||| Stepping ~*~*~tactically~*~*~ (hiding).
  9922 | D:11     | 9922 ||| READING scroll of enchant weapon.
  9922 | D:11     | 9922 ||| ENCHANTING +3 war axe of venom.
  9942 | D:11     | 9942 ||| INVOKING Heroism.
  9960 | D:11     | Reached skill level 9 in Fighting
  9997 | D:11     | 9997 ||| INVOKING Heroism.
 10000 | D:11     | 10000 ||| Stepping ~*~*~tactically~*~*~ (stealth).
 10001 | D:11     | 10001 ||| Stepping ~*~*~tactically~*~*~ (stealth).
 10017 | D:11     | 10017 ||| Stepping ~*~*~tactically~*~*~ (hiding).
 10025 | D:11     | 10025 ||| Stepping ~*~*~tactically~*~*~ (stealth).
 10026 | D:11     | 10026 ||| Stepping ~*~*~tactically~*~*~ (stealth).
 10044 | D:11     | Reached XP level 12. HP: 76/76 MP: 19/19
 10072 | D:11     | 10072 ||| Stepping ~*~*~tactically~*~*~ (stealth).
 10074 | D:11     | 10074 ||| Stepping ~*~*~tactically~*~*~ (hiding).
 10075 | D:11     | 10075 ||| Stepping ~*~*~tactically~*~*~ (hiding).
 10076 | D:11     | 10076 ||| Stepping ~*~*~tactically~*~*~ (hiding).
 10077 | D:11     | 10077 ||| Stepping ~*~*~tactically~*~*~ (hiding).
 10195 | D:11     | Identified the +6 whip of the Warrior {speed, Will+ Str+4
                  | Int-5 Dex+2}
 10196 | D:11     | 10196 ||| Stepping ~*~*~tactically~*~*~ (stealth).
 10198 | D:11     | 10198 ||| Stepping ~*~*~tactically~*~*~ (hiding).
 10204 | D:11     | 10204 ||| INVOKING Heroism.
 10288 | D:11     | Found Tolinouj's Distillery.
 10295 | D:11     | 10295 ||| FLEEEEING.
 10296 | D:11     | 10296 ||| FLEEEEING.
 10297 | D:11     | 10297 ||| FLEEEEING.
 10298 | D:11     | 10298 ||| FLEEEEING.
 10299 | D:11     | 10299 ||| FLEEEEING.
 10300 | D:11     | 10300 ||| FLEEEEING.
 10301 | D:11     | 10301 ||| FLEEEEING.
 10302 | D:11     | 10302 ||| FLEEEEING.
 10303 | D:11     | 10303 ||| FLEEEEING.
 10304 | D:11     | 10304 ||| FLEEEEING.
 10305 | D:11     | 10305 ||| FLEEEEING.
 10306 | D:11     | 10306 ||| FLEEEEING.
 10307 | D:11     | 10307 ||| FLEEEEING.
 10313 | D:11     | 10313 ||| FLEEEEING.
 10314 | D:11     | 10314 ||| FLEEEEING.
 10315 | D:11     | 10315 ||| FLEEEEING.
 10316 | D:11     | 10316 ||| STAIRDANCE
 10369 | D:10     | 10369 ||| Stepping ~*~*~tactically~*~*~ (stealth).
 10419 | D:11     | 10419 ||| Stepping ~*~*~tactically~*~*~ (stealth).
 10523 | D:11     | 10523 ||| BUYING potion of curing (45 gold).
 10523 | D:11     | Bought a potion of curing for 45 gold pieces
 10523 | D:11     | 10523 ||| BUYING potion of curing (45 gold).
 10523 | D:11     | Bought a potion of curing for 45 gold pieces
 10523 | D:11     | 10523 ||| BUYING potion of curing (45 gold).
 10523 | D:11     | Bought a potion of curing for 45 gold pieces
 10523 | D:11     | 10523 ||| BUYING potion of lignification (45 gold).
 10523 | D:11     | Bought a potion of lignification for 45 gold pieces
 10523 | D:11     | 10523 ||| BUYING potion of lignification (45 gold).
 10523 | D:11     | Bought a potion of lignification for 45 gold pieces
 10534 | D:11     | Found a staircase to the Lair.
 10536 | D:11     | 10536 ||| Stepping ~*~*~tactically~*~*~ (hiding).
 10545 | D:11     | Reached skill level 12 in Axes
 10575 | D:11     | Noticed a five-headed hydra
 10576 | D:11     | 10576 ||| INVOKING Heroism.
 10577 | D:11     | 10577 ||| INVOKING Finesse.
 10578 | D:11     | 10578 ||| SWAPPING to +1 morningstar of protection.
 10584 | D:11     | Killed a five-headed hydra
 10585 | D:11     | Reached skill level 6 in Shields
 10585 | D:11     | 10585 ||| SWAPPING to +4 war axe of venom.
 10709 | D:11     | 10709 ||| PLANNING LAIR
 10721 | Lair:1   | Entered Level 1 of the Lair of Beasts
 10759 | Lair:1   | 10759 ||| Stepping ~*~*~tactically~*~*~ (stealth).
 10779 | Lair:1   | Noticed a catoblepas
 10780 | Lair:1   | 10780 ||| INVOKING Heroism.
 10781 | Lair:1   | 10781 ||| INVOKING Finesse.
 10790 | Lair:1   | Killed a catoblepas
 10790 | Lair:1   | Identified the +9 flail "Bumojin" {holy, rF+} (Okawaru
                  | gifted it to you on level 1 of the Lair of Beasts)
 10790 | Lair:1   | Received a gift from Okawaru
 10909 | Lair:1   | Noticed Gastronok
 10910 | Lair:1   | 10910 ||| INVOKING Heroism.
 10926 | Lair:1   | Killed Gastronok
 10927 | Lair:1   | Reached skill level 10 in Fighting
 11110 | Lair:1   | 11110 ||| INVOKING Heroism.
 11224 | Lair:1   | Noticed Amaemon
 11225 | Lair:1   | 11225 ||| INVOKING Heroism.
 11235 | Lair:1   | Killed Amaemon
 11241 | Lair:1   | 11241 ||| DROPPING +1 morningstar of protection.
 11291 | Lair:1   | 11291 ||| Stepping ~*~*~tactically~*~*~ (stealth).
 11344 | Lair:1   | 11344 ||| Stepping ~*~*~tactically~*~*~ (stealth).
 11346 | Lair:1   | 11346 ||| Stepping ~*~*~tactically~*~*~ (stealth).
 11604 | Lair:1   | 11604 ||| DROPPING +1 hat.
 11605 | Lair:1   | 11605 ||| READING 3 scrolls of identify.
 11605 | Lair:1   | 11605 ||| IDENTIFYING fuming emerald potion
 11606 | Lair:1   | 11606 ||| READING 2 scrolls of identify.
 11606 | Lair:1   | 11606 ||| IDENTIFYING lumpy blue potion
 11607 | Lair:1   | 11607 ||| DROPPING potion of flight.
 11663 | Lair:2   | 11663 ||| INVOKING Heroism.
 11687 | Lair:2   | 11687 ||| INVOKING Heroism.
 11698 | Lair:2   | Received a gift from Okawaru
 11699 | Lair:2   | Reached skill level 3 in Dodging
 11745 | Lair:2   | 11745 ||| INVOKING Heroism.
 11757 | Lair:2   | Received a gift from Okawaru
 11872 | Lair:2   | 11872 ||| INVOKING Heroism.
 11876 | Lair:2   | Reached XP level 13. HP: 82/82 MP: 17/20
 12352 | Lair:2   | 12352 ||| DROPPING scarf of invisibility.
 12394 | Lair:3   | Identified the +9 plate armour "Hokouzat" {-Tele Will+
                  | Int-5 Dex+8}
 12407 | Lair:3   | 12407 ||| INVOKING Heroism.
 12408 | Lair:3   | 12408 ||| INVOKING Finesse.
 12409 | Lair:3   | 12409 ||| SWAPPING to +1 demon whip of venom.
 12418 | Lair:3   | Identified the +2 rapier "Ygalaqol" {drain, Fragile rPois
                  | rF+ Int+2} (Okawaru gifted it to you on level 3 of the Lair
                  | of Beasts)
 12418 | Lair:3   | Received a gift from Okawaru
 12419 | Lair:3   | 12419 ||| SWAPPING to +4 war axe of venom.
 12508 | Lair:3   | 12508 ||| INVOKING Heroism.
 12590 | Lair:3   | 12590 ||| INVOKING Heroism.
 12659 | Lair:3   | 12659 ||| INVOKING Heroism.
 12676 | Lair:3   | 12676 ||| Stepping ~*~*~tactically~*~*~ (hiding).
 12778 | Lair:3   | 12778 ||| Stepping ~*~*~tactically~*~*~ (stealth).
 12787 | Lair:3   | 12787 ||| INVOKING Heroism.
 12791 | Lair:3   | Reached skill level 11 in Fighting
 12798 | Lair:3   | Found a staircase to the Shoals.
 13002 | Lair:3   | Found a hole to the Spider Nest.
 13004 | Lair:3   | 13004 ||| INVOKING Heroism.
 13372 | Lair:3   | 13372 ||| READING scroll labelled YHIAKKUKLO.
 13384 | Lair:4   | 13384 ||| INVOKING Heroism.
 13385 | Lair:4   | 13385 ||| STAIRDANCE
 13402 | Lair:4   | Reached skill level 9 in Armour
 13420 | Lair:4   | 13420 ||| READING scroll of enchant armour.
 13420 | Lair:4   | 13420 ||| ENCHANTING +1 pair of boots.
 13425 | Lair:4   | Noticed Urug
 13426 | Lair:4   | 13426 ||| INVOKING Finesse.
 13433 | Lair:4   | 13433 ||| INVOKING Heroism.
 13439 | Lair:4   | Killed Urug
 13461 | Lair:4   | 13461 ||| Stepping ~*~*~tactically~*~*~ (stealth).
 13477 | Lair:4   | 13477 ||| DROPPING +1 demon whip of venom.
 13491 | Lair:4   | Found a staircase to the Slime Pits.
 13493 | Lair:4   | Found a viscous altar of Jiyva.
 13614 | Lair:4   | 13614 ||| INVOKING Heroism.
 13642 | Lair:4   | 13642 ||| INVOKING Heroism.
 13649 | Lair:4   | Reached skill level 3 in Throwing
 13696 | Lair:4   | 13696 ||| INVOKING Heroism.
 13697 | Lair:4   | 13697 ||| INVOKING Finesse.
 13699 | Lair:4   | 13699 ||| SWAPPING to +5 eveningstar.
 13706 | Lair:4   | 13706 ||| SWAPPING to +4 war axe of venom.
 13711 | Lair:4   | Received a gift from Okawaru
 13742 | Lair:4   | 13742 ||| Stepping ~*~*~tactically~*~*~ (stealth).
 13763 | Lair:4   | 13763 ||| Stepping ~*~*~tactically~*~*~ (stealth).
 13764 | Lair:4   | 13764 ||| Stepping ~*~*~tactically~*~*~ (stealth).
 13765 | Lair:4   | 13765 ||| INVOKING Heroism.
 13796 | Lair:4   | 13796 ||| Stepping ~*~*~tactically~*~*~ (hiding).
 13898 | Lair:4   | 13898 ||| FLEEEEING.
 13899 | Lair:4   | 13899 ||| FLEEEEING.
 13900 | Lair:4   | 13900 ||| FLEEEEING.
 13901 | Lair:4   | 13901 ||| FLEEEEING.
 13902 | Lair:4   | 13902 ||| FLEEEEING.
 13903 | Lair:4   | 13903 ||| FLEEEEING.
 13907 | Lair:4   | 13907 ||| FLEEEEING.
 13908 | Lair:4   | 13908 ||| FLEEEEING.
 13909 | Lair:4   | 13909 ||| FLEEEEING.
 13910 | Lair:4   | 13910 ||| FLEEEEING.
 13911 | Lair:4   | 13911 ||| FLEEEEING.
 13912 | Lair:4   | 13912 ||| FLEEEEING.
 13913 | Lair:4   | 13913 ||| FLEEEEING.
 13914 | Lair:4   | 13914 ||| FLEEEEING.
 13915 | Lair:4   | 13915 ||| FLEEEEING.
 13916 | Lair:4   | 13916 ||| FLEEEEING.
 13920 | Lair:4   | 13920 ||| FLEEEEING.
 13921 | Lair:4   | 13921 ||| INVOKING Heroism.
 14349 | Lair:4   | 14349 ||| INVOKING Heroism.
 14350 | Lair:4   | 14350 ||| INVOKING Finesse.
 14357 | Lair:4   | 14357 ||| SWAPPING to +5 eveningstar.
 14361 | Lair:4   | 14361 ||| SWAPPING to +4 war axe of venom.
 14401 | Lair:4   | 14401 ||| Stepping ~*~*~tactically~*~*~ (stealth).
 14407 | Lair:4   | 14407 ||| INVOKING Heroism.
 14593 | Lair:4   | 14593 ||| DROPPING amulet of faith.
 14630 | Lair:5   | Entered Level 5 of the Lair of Beasts
 14632 | Lair:5   | 14632 ||| STAIRDANCE
 14638 | Lair:4   | Reached skill level 15 in Axes
 14724 | Lair:5   | Received a gift from Okawaru
 14725 | Lair:5   | Gained mutation: Your large and strong wings let you fly.
                  | [Gargoyle growth]
 14725 | Lair:5   | Reached XP level 14. HP: 81/90 MP: 21/21
 14762 | Lair:5   | 14762 ||| Stepping ~*~*~tactically~*~*~ (stealth).
 14828 | Lair:5   | 14828 ||| Stepping ~*~*~tactically~*~*~ (stealth).
 14987 | Lair:5   | 14987 ||| INVOKING Heroism.
 15040 | Lair:5   | 15040 ||| FLEEEEING.
 15041 | Lair:5   | 15041 ||| FLEEEEING.
 15042 | Lair:5   | 15042 ||| FLEEEEING.
 15043 | Lair:5   | 15043 ||| FLEEEEING.
 15044 | Lair:5   | 15044 ||| FLEEEEING.
 15048 | Lair:5   | 15048 ||| FLEEEEING.
 15049 | Lair:5   | 15049 ||| FLEEEEING.
 15050 | Lair:5   | 15050 ||| FLEEEEING.
 15051 | Lair:5   | 15051 ||| FLEEEEING.
 15052 | Lair:5   | 15052 ||| FLEEEEING.
 15201 | Lair:5   | 15201 ||| Stepping ~*~*~tactically~*~*~ (stealth).
 15315 | Lair:5   | 15315 ||| INVOKING Heroism.
 15316 | Lair:5   | 15316 ||| INVOKING Finesse.
 15386 | Lair:5   | 15386 ||| Stepping ~*~*~tactically~*~*~ (hiding).
 15572 | Lair:5   | Reached skill level 12 in Fighting
 15604 | Lair:5   | Noticed a dire elephant
 15605 | Lair:5   | Noticed a dire elephant
 15606 | Lair:5   | 15606 ||| INVOKING Heroism.
 15617 | Lair:5   | Killed a dire elephant
 15687 | Lair:5   | 15687 ||| INVOKING Heroism.
 15728 | Lair:5   | 15728 ||| Stepping ~*~*~tactically~*~*~ (hiding).
 15729 | Lair:5   | 15729 ||| INVOKING Heroism.
 15730 | Lair:5   | 15730 ||| Stepping ~*~*~tactically~*~*~ (hiding).
 15731 | Lair:5   | 15731 ||| INVOKING Finesse.
 15868 | Lair:5   | 15868 ||| INVOKING Heroism.
 15881 | Lair:5   | Killed a dire elephant
 15928 | Lair:5   | 15928 ||| Stepping ~*~*~tactically~*~*~ (hiding).
 15940 | Lair:5   | 15940 ||| Stepping ~*~*~tactically~*~*~ (stealth).
 16012 | Lair:5   | 16012 ||| Stepping ~*~*~tactically~*~*~ (stealth).
 16128 | Lair:5   | 16128 ||| INVOKING Heroism.
 16129 | Lair:5   | 16129 ||| INVOKING Finesse.
 16161 | Lair:5   | 16161 ||| Stepping ~*~*~tactically~*~*~ (stealth).
 16185 | Lair:5   | 16185 ||| Stepping ~*~*~tactically~*~*~ (stealth).
 16267 | Lair:5   | 16267 ||| INVOKING Heroism.
 16268 | Lair:5   | 16268 ||| Stepping ~*~*~tactically~*~*~ (hiding).
 16301 | Lair:5   | Identified the +2 trident of a Gauntlet {pain, *Corrode
                  | rPois Dex+2}
 16382 | Lair:5   | 16382 ||| Stepping ~*~*~tactically~*~*~ (stealth).
 16383 | Lair:5   | 16383 ||| Stepping ~*~*~tactically~*~*~ (stealth).
 16384 | Lair:5   | 16384 ||| Stepping ~*~*~tactically~*~*~ (stealth).
 16385 | Lair:5   | 16385 ||| INVOKING Heroism.
 16458 | Lair:5   | 16458 ||| Stepping ~*~*~tactically~*~*~ (hiding).
 16461 | Lair:5   | 16461 ||| INVOKING Heroism.
 16491 | Lair:5   | 16491 ||| PLANNING D
 16491 | Lair:5   | 16491 ||| UPGRADING to +1 pair of gloves of strength.
 16496 | Lair:5   | 16496 ||| UPGRADING to +4 ring of evasion.
 16619 | D:12     | 16619 ||| INVOKING Heroism.
 16623 | D:12     | 16623 ||| STAIRDANCE
 16633 | D:12     | 16633 ||| STAIRDANCE
 16769 | D:12     | Found a runed translucent door.
 16770 | D:12     | Found a runed translucent door.
 16818 | D:12     | 16818 ||| INVOKING Heroism.
 16819 | D:12     | 16819 ||| INVOKING Finesse.
 16820 | D:12     | 16820 ||| SWAPPING to +5 eveningstar.
 16825 | D:12     | 16825 ||| SWAPPING to +4 war axe of venom.
 16907 | D:12     | Found a staircase to the Orcish Mines.
 16990 | D:12     | 16990 ||| INVOKING Heroism.
 17050 | D:12     | 17050 ||| Stepping ~*~*~tactically~*~*~ (stealth).
 17054 | D:12     | 17054 ||| INVOKING Heroism.
 17151 | D:12     | 17151 ||| Stepping ~*~*~tactically~*~*~ (stealth).
 17154 | D:12     | 17154 ||| INVOKING Heroism.
 17320 | D:12     | Found a runed translucent door.
 17344 | D:12     | 17344 ||| DROPPING orb of light.
 17345 | D:12     | 17345 ||| UPGRADING to ring of resist corrosion.
 17429 | D:13     | 17429 ||| Stepping ~*~*~tactically~*~*~ (stealth).
 17443 | D:13     | 17443 ||| Stepping ~*~*~tactically~*~*~ (stealth).
 17483 | D:13     | You are sucked into a shaft and drop 2 floors!
 17483 | D:15     | Entered Level 15 of the Dungeon
 17486 | D:15     | Found Lipteomm's General Store.
 17493 | D:15     | 17493 ||| BUYING potion of haste (170 gold).
 17493 | D:15     | Bought a potion of haste for 170 gold pieces
 17493 | D:15     | 17493 ||| BUYING potion of magic (136 gold).
 17493 | D:15     | Bought a potion of magic for 136 gold pieces
 17493 | D:15     | 17493 ||| BUYING scroll of identify (34 gold).
 17493 | D:15     | Bought a scroll of identify for 34 gold pieces
 17493 | D:15     | 17493 ||| BUYING scroll of identify (34 gold).
 17493 | D:15     | Bought a scroll of identify for 34 gold pieces
 17499 | D:15     | 17499 ||| Stepping ~*~*~tactically~*~*~ (stealth).
 17502 | D:15     | 17502 ||| INVOKING Heroism.
 17511 | D:15     | Received a gift from Okawaru
 17539 | D:15     | 17539 ||| Stepping ~*~*~tactically~*~*~ (hiding).
 17577 | D:15     | 17577 ||| INVOKING Heroism.
 17606 | D:14     | 17606 ||| INVOKING Heroism.
 17624 | D:14     | Reached XP level 15. HP: 68/97 MP: 22/22
 17684 | D:14     | Found a gate to the Vaults.
 17715 | D:14     | 17715 ||| INVOKING Heroism.
 17730 | D:14     | Reached skill level 13 in Fighting
 17766 | D:14     | 17766 ||| Stepping ~*~*~tactically~*~*~ (stealth).
 17768 | D:14     | 17768 ||| INVOKING Heroism.
 17772 | D:14     | 17772 ||| Stepping ~*~*~tactically~*~*~ (stealth).
 17841 | D:14     | 17841 ||| Stepping ~*~*~tactically~*~*~ (hiding).
 17854 | D:14     | Reached skill level 6 in Throwing
 17865 | D:14     | 17865 ||| Stepping ~*~*~tactically~*~*~ (hiding).
 17871 | D:14     | 17871 ||| INVOKING Heroism.
 17910 | D:14     | 17910 ||| INVOKING Heroism.
 17912 | D:14     | 17912 ||| Stepping ~*~*~tactically~*~*~ (stealth).
 17914 | D:14     | 17914 ||| Stepping ~*~*~tactically~*~*~ (stealth).
 17946 | D:14     | Received a gift from Okawaru
 17947 | D:14     | Reached skill level 9 in Shields
 17948 | D:14     | 17948 ||| SWAPPING to +2 broad axe of electrocution.
 17949 | D:14     | 17949 ||| DROPPING +4 war axe of venom.
 17959 | D:14     | 17959 ||| READING scroll of enchant weapon.
 17959 | D:14     | 17959 ||| ENCHANTING +2 broad axe of electrocution.
 17992 | D:14     | 17992 ||| INVOKING Heroism.
 17993 | D:14     | 17993 ||| SWAPPING to +5 eveningstar.
 17994 | D:14     | 17994 ||| INVOKING Finesse.
 18000 | D:14     | 18000 ||| SWAPPING to +3 broad axe of electrocution.
 18046 | D:14     | 18046 ||| INVOKING Heroism.
 18047 | D:14     | 18047 ||| SWAPPING to +5 eveningstar.
 18048 | D:14     | 18048 ||| INVOKING Finesse.
 18054 | D:14     | 18054 ||| SWAPPING to +3 broad axe of electrocution.
 18060 | D:14     | 18060 ||| Stepping ~*~*~tactically~*~*~ (hiding).
 18077 | D:14     | 18077 ||| SWAPPING to +5 eveningstar.
 18087 | D:14     | Identified the +1 robe of the Wasteland {rF++} (Okawaru
                  | gifted it to you on level 14 of the Dungeon)
 18087 | D:14     | Received a gift from Okawaru
 18093 | D:14     | 18093 ||| SWAPPING to +3 broad axe of electrocution.
 18129 | D:14     | 18129 ||| INVOKING Heroism.
 18131 | D:14     | 18131 ||| READING 9 scrolls of teleportation.
 18177 | D:14     | 18177 ||| INVOKING Heroism.
 18178 | D:14     | 18178 ||| SWAPPING to +5 eveningstar.
 18179 | D:14     | 18179 ||| INVOKING Finesse.
 18184 | D:14     | 18184 ||| SWAPPING to +3 broad axe of electrocution.
 18226 | D:14     | 18226 ||| Stepping ~*~*~tactically~*~*~ (hiding).
 18236 | D:14     | 18236 ||| INVOKING Heroism.
 18281 | D:14     | 18281 ||| Stepping ~*~*~tactically~*~*~ (stealth).
 18311 | D:14     | 18311 ||| Stepping ~*~*~tactically~*~*~ (hiding).
 18312 | D:14     | 18312 ||| INVOKING Heroism.
 18313 | D:14     | 18313 ||| SWAPPING to +5 eveningstar.
 18314 | D:14     | 18314 ||| INVOKING Finesse.
 18327 | D:14     | 18327 ||| SWAPPING to +3 broad axe of electrocution.
 18389 | D:14     | 18389 ||| UPGRADING to +0 tower shield.
 18399 | D:14     | 18399 ||| DROPPING +0 buckler.
 18400 | D:14     | 18400 ||| UPGRADING to +1 tower shield of protection.
 18410 | D:14     | 18410 ||| DROPPING +0 tower shield.
 18411 | D:14     | 18411 ||| UPGRADING to +4 ring of evasion.
 18413 | D:14     | 18413 ||| DROPPING +6 ring of intelligence.
 18414 | D:14     | 18414 ||| DROPPING ring of resist corrosion.
 18449 | D:13     | 18449 ||| INVOKING Heroism.
 18454 | D:13     | 18454 ||| Stepping ~*~*~tactically~*~*~ (stealth).
 18542 | D:13     | 18542 ||| Stepping ~*~*~tactically~*~*~ (hiding).
 18674 | D:13     | 18674 ||| Stepping ~*~*~tactically~*~*~ (hiding).
 18680 | D:13     | 18680 ||| Stepping ~*~*~tactically~*~*~ (hiding).
 18682 | D:13     | 18682 ||| INVOKING Heroism.
 18688 | D:13     | 18688 ||| Stepping ~*~*~tactically~*~*~ (hiding).
 19136 | D:13     | 19136 ||| Stepping ~*~*~tactically~*~*~ (hiding).
 19409 | D:13     | 19409 ||| DROPPING ring of wizardry.
 19428 | D:14     | 19428 ||| Stepping ~*~*~tactically~*~*~ (hiding).
 19566 | D:14     | Found an ancient bone altar of Kikubaaqudgha.
 19583 | D:14     | 19583 ||| INVOKING Heroism.
 19584 | D:14     | 19584 ||| INVOKING Finesse.
 19586 | D:14     | 19586 ||| SWAPPING to +5 eveningstar.
 19595 | D:14     | 19595 ||| SWAPPING to +3 broad axe of electrocution.
 19839 | D:14     | Found a snail-covered altar of Cheibriados.
 19996 | D:14     | 19996 ||| INVOKING Heroism.
 20005 | D:14     | Reached XP level 16. HP: 104/104 MP: 21/23
 20191 | D:15     | 20191 ||| STAIRDANCE
 20193 | D:14     | 20193 ||| INVOKING Heroism.
 20194 | D:14     | 20194 ||| INVOKING Finesse.
 20240 | D:15     | Noticed Azrael
 20246 | D:15     | 20246 ||| Stepping ~*~*~tactically~*~*~ (hiding).
 20252 | D:15     | 20252 ||| INVOKING Finesse.
 20259 | D:15     | Killed Azrael
 20272 | D:15     | 20272 ||| INVOKING Heroism.
 20342 | D:15     | 20342 ||| READING scroll of enchant weapon.
 20342 | D:15     | 20342 ||| ENCHANTING +3 broad axe of electrocution.
 20377 | D:15     | Noticed Kirke
 20378 | D:15     | 20378 ||| INVOKING Heroism.
 20379 | D:15     | 20379 ||| INVOKING Finesse.
 20395 | D:15     | Killed Kirke
 20395 | D:15     | Received a gift from Okawaru
 20514 | D:15     | 20514 ||| READING scroll of enchant armour.
 20514 | D:15     | 20514 ||| ENCHANTING +1 pair of gloves of strength.
 20529 | D:15     | 20529 ||| INVOKING Heroism.
 20544 | D:15     | 20544 ||| Stepping ~*~*~tactically~*~*~ (stealth).
 20546 | D:15     | 20546 ||| Stepping ~*~*~tactically~*~*~ (stealth).
 20607 | D:15     | 20607 ||| INVOKING Heroism.
 20608 | D:15     | 20608 ||| SWAPPING to +5 eveningstar.
 20612 | D:15     | 20612 ||| SWAPPING to +4 broad axe of electrocution.
 20669 | D:15     | Reached skill level 12 in Shields
 20889 | D:15     | Noticed Agnes
 20890 | D:15     | 20890 ||| INVOKING Heroism.
 20897 | D:15     | Killed Agnes
 20908 | D:15     | 20908 ||| Stepping ~*~*~tactically~*~*~ (stealth).
 20909 | D:15     | 20909 ||| Stepping ~*~*~tactically~*~*~ (stealth).
 20916 | D:15     | 20916 ||| Stepping ~*~*~tactically~*~*~ (cloud).
 20918 | D:15     | 20918 ||| Stepping ~*~*~tactically~*~*~ (cloud).
 21061 | D:15     | Noticed Louise
 21062 | D:15     | 21062 ||| Stepping ~*~*~tactically~*~*~ (hiding).
 21064 | D:15     | 21064 ||| INVOKING Heroism.
 21075 | D:15     | Killed Louise
 21099 | D:15     | Found a staircase to the Depths.
 21100 | D:15     | 21100 ||| INVOKING Heroism.
 21169 | D:15     | 21169 ||| PLANNING ORC
 21169 | D:15     | 21169 ||| READING scroll labelled FOMEPR ISKI.
 21170 | D:15     | 21170 ||| READING 9 scrolls of identify.
 21170 | D:15     | 21170 ||| IDENTIFYING orange potion
 21277 | Orc:1    | Entered Level 1 of the Orcish Mines
 21278 | Orc:1    | 21278 ||| INVOKING Heroism.
 21464 | Orc:2    | Entered Level 2 of the Orcish Mines
 21474 | Orc:2    | Found a staircase to the Elven Halls.
 21515 | Orc:2    | 21515 ||| INVOKING Heroism.
 21520 | Orc:2    | 21520 ||| INVOKING Finesse.
 21531 | Orc:2    | Received a gift from Okawaru
 21587 | Orc:2    | 21587 ||| INVOKING Heroism.
 21743 | Orc:2    | 21743 ||| Stepping ~*~*~tactically~*~*~ (stealth).
 21744 | Orc:2    | Found Iximminn's Magic Scroll Shop.
 21744 | Orc:2    | Found Micvuyph's Book Emporium.
 21745 | Orc:2    | 21745 ||| Stepping ~*~*~tactically~*~*~ (hiding).
 21751 | Orc:2    | 21751 ||| INVOKING Heroism.
 21770 | Orc:2    | 21770 ||| Stepping ~*~*~tactically~*~*~ (hiding).
 21786 | Orc:2    | Received a gift from Okawaru
 21809 | Orc:2    | 21809 ||| INVOKING Heroism.
 21828 | Orc:2    | Received a gift from Okawaru
 21829 | Orc:2    | Reached skill level 15 in Shields
 21832 | Orc:2    | Found Keanep's Antique Armour Emporium.
 21832 | Orc:2    | Found Roidivah's General Store.
 21850 | Orc:2    | 21850 ||| BUYING 3 scrolls of blinking (337 gold).
 21850 | Orc:2    | Bought 3 scrolls of blinking for 337 gold pieces
 21850 | Orc:2    | 21850 ||| BUYING scroll of blinking (112 gold).
 21850 | Orc:2    | Bought a scroll of blinking for 112 gold pieces
 21850 | Orc:2    | 21850 ||| BUYING scroll of identify (30 gold).
 21850 | Orc:2    | Bought a scroll of identify for 30 gold pieces
 21850 | Orc:2    | 21850 ||| BUYING scroll of teleportation (45 gold).
 21850 | Orc:2    | Bought a scroll of teleportation for 45 gold pieces
 21850 | Orc:2    | 21850 ||| BUYING scroll of teleportation (45 gold).
 21850 | Orc:2    | Bought a scroll of teleportation for 45 gold pieces
 21852 | Orc:2    | 21852 ||| BUYING potion of curing (48 gold).
 21852 | Orc:2    | Bought a potion of curing for 48 gold pieces
 21852 | Orc:2    | 21852 ||| BUYING potion of might (64 gold).
 21852 | Orc:2    | Bought a potion of might for 64 gold pieces
 21852 | Orc:2    | 21852 ||| BUYING scroll of enchant armour (120 gold).
 21852 | Orc:2    | Bought a scroll of enchant armour for 120 gold pieces
 21852 | Orc:2    | 21852 ||| READING scroll of enchant armour.
 21852 | Orc:2    | 21852 ||| ENCHANTING +0 cloak.
 21854 | Orc:2    | 21854 ||| SHOPLISTING shiny plate armour (806 gold, have
                  | 609).
 21909 | Orc:2    | 21909 ||| Stepping ~*~*~tactically~*~*~ (stealth).
 21914 | Orc:2    | 21914 ||| Stepping ~*~*~tactically~*~*~ (stealth).
 21922 | Orc:2    | 21922 ||| INVOKING Heroism.
 21937 | Orc:2    | 21937 ||| Stepping ~*~*~tactically~*~*~ (stealth).
 21938 | Orc:2    | 21938 ||| Stepping ~*~*~tactically~*~*~ (stealth).
 21939 | Orc:2    | 21939 ||| Stepping ~*~*~tactically~*~*~ (stealth).
 21940 | Orc:2    | 21940 ||| Stepping ~*~*~tactically~*~*~ (stealth).
 21941 | Orc:2    | 21941 ||| Stepping ~*~*~tactically~*~*~ (stealth).
 21942 | Orc:2    | 21942 ||| Stepping ~*~*~tactically~*~*~ (stealth).
 22162 | Orc:2    | 22162 ||| DROPPING +1 pair of boots of rampaging.
 22176 | Orc:1    | 22176 ||| Stepping ~*~*~tactically~*~*~ (stealth).
 22180 | Orc:1    | 22180 ||| Stepping ~*~*~tactically~*~*~ (hiding).
 22181 | Orc:1    | 22181 ||| Stepping ~*~*~tactically~*~*~ (hiding).
 22182 | Orc:1    | 22182 ||| Stepping ~*~*~tactically~*~*~ (hiding).
 22312 | Orc:1    | 22312 ||| Stepping ~*~*~tactically~*~*~ (stealth).
 22313 | Orc:1    | 22313 ||| Stepping ~*~*~tactically~*~*~ (stealth).
 22314 | Orc:1    | 22314 ||| Stepping ~*~*~tactically~*~*~ (stealth).
 22315 | Orc:1    | 22315 ||| Stepping ~*~*~tactically~*~*~ (stealth).
 22317 | Orc:1    | 22317 ||| Stepping ~*~*~tactically~*~*~ (hiding).
 22318 | Orc:1    | 22318 ||| Stepping ~*~*~tactically~*~*~ (hiding).
 22320 | Orc:1    | 22320 ||| Stepping ~*~*~tactically~*~*~ (hiding).
 22322 | Orc:1    | 22322 ||| INVOKING Heroism.
 22415 | Orc:1    | 22415 ||| INVOKING Heroism.
 22434 | Orc:1    | 22434 ||| Stepping ~*~*~tactically~*~*~ (hiding).
 22435 | Orc:1    | 22435 ||| Stepping ~*~*~tactically~*~*~ (hiding).
 22436 | Orc:1    | 22436 ||| Stepping ~*~*~tactically~*~*~ (hiding).
 22790 | Orc:1    | 22790 ||| PLANNING SHOALS:1-3
 22994 | Shoals:1 | Entered Level 1 of the Shoals
 22998 | Shoals:1 | 22998 ||| READING scroll of brand weapon.
 22998 | Shoals:1 | 22998 ||| BRANDING +4 broad axe of electrocution.
 23002 | Shoals:1 | 23002 ||| INVOKING Heroism.
 23013 | Shoals:1 | 23013 ||| INVOKING Finesse.
 23014 | Shoals:1 | 23014 ||| INVOKING Finesse.
 23066 | Shoals:1 | Noticed a kraken
 23069 | Shoals:1 | 23069 ||| INVOKING Heroism.
 23076 | Shoals:1 | Killed a kraken
 23191 | Shoals:1 | 23191 ||| INVOKING Heroism.
 23288 | Shoals:1 | 23288 ||| INVOKING Heroism.
 23291 | Shoals:1 | Reached XP level 17. HP: 108/108 MP: 21/24
 23339 | Shoals:1 | 23339 ||| INVOKING Heroism.
 23357 | Shoals:1 | 23357 ||| Stepping ~*~*~tactically~*~*~ (hiding).
 23459 | Shoals:1 | 23459 ||| INVOKING Heroism.
 23572 | Shoals:1 | 23572 ||| Stepping ~*~*~tactically~*~*~ (stealth).
 23593 | Shoals:1 | 23593 ||| INVOKING Heroism.
 23618 | Shoals:1 | HP: 25/108 [merfolk impaler/+1 vorpal trident (13)]
 23619 | Shoals:1 | 23619 ||| READING 14 scrolls of teleportation.
 23620 | Shoals:1 | 23620 ||| DRINKING 6 potions of heal wounds.
 23842 | Shoals:1 | 23842 ||| INVOKING Heroism.
 24140 | Shoals:2 | 24140 ||| INVOKING Heroism.
 24156 | Shoals:2 | Received a gift from Okawaru
 24161 | Shoals:2 | 24161 ||| Stepping ~*~*~tactically~*~*~ (stealth).
 24172 | Shoals:2 | 24172 ||| Stepping ~*~*~tactically~*~*~ (stealth).
 24173 | Shoals:2 | 24173 ||| Stepping ~*~*~tactically~*~*~ (stealth).
 24174 | Shoals:2 | 24174 ||| Stepping ~*~*~tactically~*~*~ (stealth).
 24179 | Shoals:2 | 24179 ||| INVOKING Finesse.
 24184 | Shoals:2 | 24184 ||| INVOKING Heroism.
 24225 | Shoals:2 | 24225 ||| INVOKING Heroism.
 24288 | Shoals:2 | 24288 ||| Stepping ~*~*~tactically~*~*~ (hiding).
 24289 | Shoals:2 | 24289 ||| Stepping ~*~*~tactically~*~*~ (hiding).
 24291 | Shoals:2 | 24291 ||| Stepping ~*~*~tactically~*~*~ (hiding).
 24292 | Shoals:2 | 24292 ||| Stepping ~*~*~tactically~*~*~ (hiding).
 24293 | Shoals:2 | 24293 ||| Stepping ~*~*~tactically~*~*~ (hiding).
 24319 | Shoals:2 | 24319 ||| Stepping ~*~*~tactically~*~*~ (hiding).
 24320 | Shoals:2 | 24320 ||| Stepping ~*~*~tactically~*~*~ (hiding).
 24322 | Shoals:2 | 24322 ||| Stepping ~*~*~tactically~*~*~ (hiding).
 24323 | Shoals:2 | 24323 ||| Stepping ~*~*~tactically~*~*~ (hiding).
 24324 | Shoals:2 | 24324 ||| Stepping ~*~*~tactically~*~*~ (hiding).
 24326 | Shoals:2 | 24326 ||| Stepping ~*~*~tactically~*~*~ (hiding).
 24568 | Shoals:2 | Noticed Ilsuiw
 24569 | Shoals:2 | 24569 ||| INVOKING Heroism.
 24599 | Shoals:2 | 24599 ||| INVOKING Heroism.
 24619 | Shoals:2 | 24619 ||| INVOKING Finesse.
 24624 | Shoals:2 | Killed Ilsuiw
 24940 | Shoals:2 | 24940 ||| Stepping ~*~*~tactically~*~*~ (stealth).
 24942 | Shoals:2 | 24942 ||| Stepping ~*~*~tactically~*~*~ (hiding).
 25084 | Shoals:2 | 25084 ||| DROPPING +6 ring of strength.
 25113 | Shoals:3 | 25113 ||| INVOKING Heroism.
 25127 | Shoals:3 | 25127 ||| INVOKING Finesse.
 25213 | Shoals:3 | 25213 ||| Stepping ~*~*~tactically~*~*~ (hiding).
 25331 | Shoals:3 | 25331 ||| INVOKING Heroism.
 25410 | Shoals:3 | 25410 ||| Stepping ~*~*~tactically~*~*~ (hiding).
 25411 | Shoals:3 | 25411 ||| INVOKING Heroism.
 25413 | Shoals:3 | 25413 ||| INVOKING Finesse.
 25489 | Shoals:3 | Reached skill level 18 in Axes
 25688 | Shoals:3 | 25688 ||| INVOKING Heroism.
 25718 | Shoals:3 | 25718 ||| Stepping ~*~*~tactically~*~*~ (stealth).
 25720 | Shoals:3 | 25720 ||| Stepping ~*~*~tactically~*~*~ (stealth).
 25722 | Shoals:3 | 25722 ||| Stepping ~*~*~tactically~*~*~ (stealth).
 25726 | Shoals:3 | 25726 ||| Stepping ~*~*~tactically~*~*~ (stealth).
 25729 | Shoals:3 | 25729 ||| Stepping ~*~*~tactically~*~*~ (stealth).
 25730 | Shoals:3 | 25730 ||| Stepping ~*~*~tactically~*~*~ (stealth).
 25731 | Shoals:3 | 25731 ||| Stepping ~*~*~tactically~*~*~ (stealth).
 25871 | Shoals:3 | 25871 ||| INVOKING Heroism.
 26143 | Shoals:3 | 26143 ||| PLANNING SPIDER:1-3
 26184 | Shoals:1 | 26184 ||| INVOKING Heroism.
 26319 | Spider:1 | Entered Level 1 of the Spider Nest
 26320 | Spider:1 | 26320 ||| INVOKING Heroism.
 26369 | Spider:1 | 26369 ||| INVOKING Heroism.
 26379 | Spider:1 | 26379 ||| INVOKING Finesse.
 26486 | Spider:1 | Identified the +1 robe "Iruawisi" {Str+2 Int+5} (Okawaru
                  | gifted it to you on level 1 of the Spider Nest)
 26486 | Spider:1 | Received a gift from Okawaru
 26506 | Spider:1 | 26506 ||| Stepping ~*~*~tactically~*~*~ (stealth).
 26536 | Spider:1 | Reached skill level 14 in Fighting
 26764 | Spider:1 | Noticed Rupert
 26765 | Spider:1 | 26765 ||| INVOKING Heroism.
 26766 | Spider:1 | 26766 ||| INVOKING Finesse.
 26775 | Spider:1 | Killed Rupert
 26776 | Spider:1 | Reached skill level 18 in Shields
 26776 | Spider:1 | Reached XP level 18. HP: 97/116 MP: 18/25
 26793 | Spider:1 | 26793 ||| DROPPING +5 eveningstar.
 26873 | Spider:1 | Noticed Mlioglotl
 26874 | Spider:1 | 26874 ||| INVOKING Heroism.
 26875 | Spider:1 | 26875 ||| INVOKING Finesse.
 26882 | Spider:1 | Killed Mlioglotl
 26953 | Spider:2 | 26953 ||| STAIRDANCE
 26957 | Spider:2 | 26957 ||| DRINKING 18 potions of curing.
 26957 | Spider:2 | 26957 ||| (to cure confusion)
 26959 | Spider:2 | 26959 ||| DRINKING 17 potions of curing.
 26959 | Spider:2 | 26959 ||| (to cure confusion)
 26987 | Spider:2 | 26987 ||| Stepping ~*~*~tactically~*~*~ (stealth).
 26992 | Spider:2 | 26992 ||| INVOKING Heroism.
 26993 | Spider:2 | 26993 ||| Stepping ~*~*~tactically~*~*~ (stealth).
 26997 | Spider:2 | 26997 ||| Stepping ~*~*~tactically~*~*~ (hiding).
 27032 | Spider:2 | 27032 ||| READING scroll of enchant weapon.
 27032 | Spider:2 | 27032 ||| ENCHANTING +4 broad axe of venom.
 27069 | Spider:2 | 27069 ||| Stepping ~*~*~tactically~*~*~ (stealth).
 27071 | Spider:2 | 27071 ||| Stepping ~*~*~tactically~*~*~ (hiding).
 27079 | Spider:2 | 27079 ||| INVOKING Finesse.
 27090 | Spider:2 | 27090 ||| INVOKING Heroism.
 27133 | Spider:2 | 27133 ||| Stepping ~*~*~tactically~*~*~ (stealth).
 27183 | Spider:2 | Reached skill level 12 in Armour
 27289 | Spider:2 | 27289 ||| READING scroll of enchant armour.
 27289 | Spider:2 | 27289 ||| ENCHANTING +1 cloak.
 27342 | Spider:2 | 27342 ||| Stepping ~*~*~tactically~*~*~ (stealth).
 27343 | Spider:2 | 27343 ||| Stepping ~*~*~tactically~*~*~ (stealth).
 27345 | Spider:2 | 27345 ||| INVOKING Finesse.
 27359 | Spider:2 | 27359 ||| Stepping ~*~*~tactically~*~*~ (stealth).
 27360 | Spider:2 | 27360 ||| FLEEEEING.
 27361 | Spider:2 | 27361 ||| INVOKING Heroism.
 27390 | Spider:2 | 27390 ||| Stepping ~*~*~tactically~*~*~ (stealth).
 27410 | Spider:2 | 27410 ||| Stepping ~*~*~tactically~*~*~ (stealth).
 27414 | Spider:2 | 27414 ||| Stepping ~*~*~tactically~*~*~ (stealth).
 27729 | Spider:2 | 27729 ||| INVOKING Finesse.
 28010 | Spider:3 | 28010 ||| INVOKING Heroism.
 28027 | Spider:3 | 28027 ||| Stepping ~*~*~tactically~*~*~ (stealth).
 28035 | Spider:3 | 28035 ||| Stepping ~*~*~tactically~*~*~ (stealth).
 28036 | Spider:3 | 28036 ||| Stepping ~*~*~tactically~*~*~ (stealth).
 28040 | Spider:3 | 28040 ||| Stepping ~*~*~tactically~*~*~ (stealth).
 28041 | Spider:3 | 28041 ||| Stepping ~*~*~tactically~*~*~ (stealth).
 28043 | Spider:3 | 28043 ||| Stepping ~*~*~tactically~*~*~ (stealth).
 28065 | Spider:3 | 28065 ||| INVOKING Heroism.
 28089 | Spider:3 | 28089 ||| READING scroll of brand weapon.
 28089 | Spider:3 | 28089 ||| BRANDING +5 broad axe of venom.
 28095 | Spider:3 | 28095 ||| Stepping ~*~*~tactically~*~*~ (stealth).
 28097 | Spider:3 | 28097 ||| Stepping ~*~*~tactically~*~*~ (hiding).
 28180 | Spider:3 | 28180 ||| Stepping ~*~*~tactically~*~*~ (hiding).
 28185 | Spider:3 | 28185 ||| INVOKING Heroism.
 28329 | Spider:3 | 28329 ||| INVOKING Heroism.
 28369 | Spider:3 | 28369 ||| INVOKING Finesse.
 28386 | Spider:3 | Reached skill level 15 in Fighting
 28390 | Spider:3 | 28390 ||| DRINKING 18 potions of curing.
 28390 | Spider:3 | 28390 ||| (to cure confusion)
 28526 | Spider:3 | 28526 ||| PLANNING SHOALS:4
 28526 | Spider:3 | 28526 ||| DROPPING +2 chain mail of fire resistance.
 28527 | Spider:3 | 28527 ||| UPGRADING to +0 gold dragon scales.
 28537 | Spider:3 | 28537 ||| READING scroll of enchant armour.
 28537 | Spider:3 | 28537 ||| ENCHANTING +0 gold dragon scales.
 28538 | Spider:3 | 28538 ||| DROPPING +3 plate armour.
 28539 | Spider:3 | 28539 ||| DROPPING ring of positive energy.
 28747 | Shoals:4 | Entered Level 4 of the Shoals
 28763 | Shoals:4 | 28763 ||| INVOKING Heroism.
 28821 | Shoals:4 | 28821 ||| Stepping ~*~*~tactically~*~*~ (hiding).
 28822 | Shoals:4 | 28822 ||| Stepping ~*~*~tactically~*~*~ (hiding).
 28823 | Shoals:4 | 28823 ||| INVOKING Heroism.
 28837 | Shoals:4 | Received a gift from Okawaru
 28950 | Shoals:4 | 28950 ||| INVOKING Heroism.
 28958 | Shoals:4 | 28958 ||| Stepping ~*~*~tactically~*~*~ (hiding).
 28978 | Shoals:4 | 28978 ||| Stepping ~*~*~tactically~*~*~ (hiding).
 28996 | Shoals:4 | Received a gift from Okawaru
 29002 | Shoals:4 | 29002 ||| INVOKING Heroism.
 29062 | Shoals:4 | 29062 ||| Stepping ~*~*~tactically~*~*~ (stealth).
 29067 | Shoals:4 | 29067 ||| Stepping ~*~*~tactically~*~*~ (stealth).
 29125 | Shoals:4 | 29125 ||| Stepping ~*~*~tactically~*~*~ (stealth).
 29134 | Shoals:4 | 29134 ||| Stepping ~*~*~tactically~*~*~ (hiding).
 29140 | Shoals:4 | Paralysed by a sphinx for 4 turns
 29165 | Shoals:4 | 29165 ||| Stepping ~*~*~tactically~*~*~ (stealth).
 29186 | Shoals:4 | 29186 ||| Stepping ~*~*~tactically~*~*~ (stealth).
 29187 | Shoals:4 | 29187 ||| Stepping ~*~*~tactically~*~*~ (stealth).
 29188 | Shoals:4 | 29188 ||| Stepping ~*~*~tactically~*~*~ (hiding).
 29201 | Shoals:4 | 29201 ||| INVOKING Heroism.
 29261 | Shoals:4 | 29261 ||| Stepping ~*~*~tactically~*~*~ (stealth).
 29263 | Shoals:4 | 29263 ||| Stepping ~*~*~tactically~*~*~ (hiding).
 29310 | Shoals:4 | 29310 ||| INVOKING Heroism.
 29327 | Shoals:4 | Received a gift from Okawaru
 29355 | Shoals:4 | 29355 ||| Stepping ~*~*~tactically~*~*~ (hiding).
 29356 | Shoals:4 | 29356 ||| Stepping ~*~*~tactically~*~*~ (hiding).
 29381 | Shoals:4 | 29381 ||| INVOKING Heroism.
 29420 | Shoals:4 | 29420 ||| Stepping ~*~*~tactically~*~*~ (stealth).
 29459 | Shoals:4 | 29459 ||| Stepping ~*~*~tactically~*~*~ (stealth).
 29461 | Shoals:4 | 29461 ||| Stepping ~*~*~tactically~*~*~ (hiding).
 29480 | Shoals:4 | 29480 ||| INVOKING Heroism.
 29500 | Shoals:4 | Received a gift from Okawaru
 29509 | Shoals:4 | Got a barnacled rune of Zot
 29535 | Shoals:4 | 29535 ||| INVOKING Finesse.
 29545 | Shoals:4 | 29545 ||| Stepping ~*~*~tactically~*~*~ (hiding).
 29548 | Shoals:4 | 29548 ||| Stepping ~*~*~tactically~*~*~ (hiding).
 29551 | Shoals:4 | 29551 ||| INVOKING Heroism.
 29570 | Shoals:4 | Reached skill level 15 in Armour
 29583 | Shoals:4 | Identified the +1 leather armour of Vigy {+Blink rF+ Will+
                  | Slay+3 Stlth+}
 29585 | Shoals:4 | Reached XP level 19. HP: 66/124 MP: 23/26
 29585 | Shoals:4 | 29585 ||| DRINKING 19 potions of curing.
 29585 | Shoals:4 | 29585 ||| (to cure confusion)
 29597 | Shoals:4 | 29597 ||| Stepping ~*~*~tactically~*~*~ (hiding).
 29615 | Shoals:4 | 29615 ||| Stepping ~*~*~tactically~*~*~ (hiding).
 29620 | Shoals:4 | 29620 ||| INVOKING Heroism.
 29904 | Shoals:4 | 29904 ||| PLANNING VAULTS:1-4
 30198 | Vaults:1 | Entered Level 1 of the Vaults
 30217 | Vaults:1 | Found Ozocloso's Weapon Emporium.
 30260 | Vaults:1 | 30260 ||| Stepping ~*~*~tactically~*~*~ (stealth).
 30263 | Vaults:1 | 30263 ||| INVOKING Heroism.
 30287 | Vaults:1 | 30287 ||| INVOKING Heroism.
 30332 | Vaults:1 | 30332 ||| Stepping ~*~*~tactically~*~*~ (hiding).
 30338 | Vaults:1 | Identified the +1 helmet "Qairph" {rElec rF+ rC- Slay+2}
                  | (Okawaru gifted it to you on level 1 of the Vaults)
 30338 | Vaults:1 | Received a gift from Okawaru
 30340 | Vaults:1 | 30340 ||| Stepping ~*~*~tactically~*~*~ (stealth).
 30379 | Vaults:1 | 30379 ||| INVOKING Heroism.
 30420 | Vaults:1 | 30420 ||| READING scroll of enchant armour.
 30420 | Vaults:1 | 30420 ||| ENCHANTING +1 gold dragon scales.
 30448 | Vaults:1 | 30448 ||| Stepping ~*~*~tactically~*~*~ (stealth).
 30449 | Vaults:1 | 30449 ||| Stepping ~*~*~tactically~*~*~ (stealth).
 30450 | Vaults:1 | 30450 ||| Stepping ~*~*~tactically~*~*~ (stealth).
 30454 | Vaults:1 | 30454 ||| Stepping ~*~*~tactically~*~*~ (stealth).
 30458 | Vaults:1 | 30458 ||| INVOKING Heroism.
 30521 | Vaults:1 | 30521 ||| INVOKING Heroism.
 30561 | Vaults:1 | Found Zoebetra's General Store.
 30614 | Vaults:1 | Found Ciruipp's Antique Weapon Emporium.
 30684 | Vaults:1 | 30684 ||| Stepping ~*~*~tactically~*~*~ (hiding).
 30755 | Vaults:1 | Found Ufol's Distillery.
 30763 | Vaults:1 | 30763 ||| BUYING potion of attraction (54 gold).
 30763 | Vaults:1 | Bought a potion of attraction for 54 gold pieces
 30763 | Vaults:1 | 30763 ||| BUYING potion of curing (54 gold).
 30763 | Vaults:1 | Bought a potion of curing for 54 gold pieces
 30763 | Vaults:1 | 30763 ||| BUYING potion of curing (54 gold).
 30763 | Vaults:1 | Bought a potion of curing for 54 gold pieces
 30763 | Vaults:1 | 30763 ||| BUYING potion of heal wounds (90 gold).
 30763 | Vaults:1 | Bought a potion of heal wounds for 90 gold pieces
 30763 | Vaults:1 | 30763 ||| BUYING potion of might (72 gold).
 30763 | Vaults:1 | Bought a potion of might for 72 gold pieces
 30787 | Vaults:1 | 30787 ||| INVOKING Heroism.
 30788 | Vaults:1 | 30788 ||| INVOKING Finesse.
 30884 | Vaults:1 | Found Tybrax's Distillery.
 30892 | Vaults:1 | 30892 ||| BUYING 2 potions of mutation (288 gold).
 30892 | Vaults:1 | Bought 2 potions of mutation for 288 gold pieces
 30892 | Vaults:1 | 30892 ||| BUYING potion of haste (180 gold).
 30892 | Vaults:1 | Bought a potion of haste for 180 gold pieces
 30892 | Vaults:1 | 30892 ||| BUYING potion of lignification (54 gold).
 30892 | Vaults:1 | Bought a potion of lignification for 54 gold pieces
 30892 | Vaults:1 | 30892 ||| BUYING potion of lignification (54 gold).
 30892 | Vaults:1 | Bought a potion of lignification for 54 gold pieces
 30892 | Vaults:1 | 30892 ||| BUYING potion of resistance (180 gold).
 30892 | Vaults:1 | Bought a potion of resistance for 180 gold pieces
 30903 | Vaults:1 | 30903 ||| Stepping ~*~*~tactically~*~*~ (hiding).
 30949 | Vaults:1 | 30949 ||| READING scroll of brand weapon.
 30949 | Vaults:1 | 30949 ||| BRANDING +5 broad axe of protection.
 30959 | Vaults:1 | 30959 ||| INVOKING Heroism.
 31229 | Vaults:1 | 31229 ||| INVOKING Heroism.
 31265 | Vaults:1 | 31265 ||| Stepping ~*~*~tactically~*~*~ (stealth).
 31266 | Vaults:1 | 31266 ||| Stepping ~*~*~tactically~*~*~ (stealth).
 31267 | Vaults:1 | 31267 ||| Stepping ~*~*~tactically~*~*~ (stealth).
 31281 | Vaults:1 | 31281 ||| Stepping ~*~*~tactically~*~*~ (stealth).
 31283 | Vaults:1 | 31283 ||| Stepping ~*~*~tactically~*~*~ (hiding).
 31541 | Vaults:2 | 31541 ||| STAIRDANCE
 31554 | Vaults:2 | 31554 ||| STAIRDANCE
 31575 | Vaults:2 | 31575 ||| STAIRDANCE
 31617 | Vaults:2 | 31617 ||| Stepping ~*~*~tactically~*~*~ (hiding).
 31619 | Vaults:2 | 31619 ||| Stepping ~*~*~tactically~*~*~ (hiding).
 31625 | Vaults:2 | 31625 ||| INVOKING Heroism.
 31632 | Vaults:2 | Reached skill level 9 in Throwing
 31701 | Vaults:2 | 31701 ||| Stepping ~*~*~tactically~*~*~ (hiding).
 31707 | Vaults:2 | 31707 ||| INVOKING Heroism.
 31728 | Vaults:2 | Received a gift from Okawaru
 31821 | Vaults:2 | 31821 ||| READING scroll of enchant armour.
 31821 | Vaults:2 | 31821 ||| ENCHANTING +2 gold dragon scales.
 31895 | Vaults:2 | 31895 ||| Stepping ~*~*~tactically~*~*~ (stealth).
 31904 | Vaults:2 | 31904 ||| INVOKING Heroism.
 31969 | Vaults:2 | 31969 ||| INVOKING Heroism.
 32009 | Vaults:2 | 32009 ||| Stepping ~*~*~tactically~*~*~ (stealth).
 32014 | Vaults:2 | 32014 ||| INVOKING Heroism.
 32021 | Vaults:2 | Received a gift from Okawaru
 32080 | Vaults:2 | 32080 ||| Stepping ~*~*~tactically~*~*~ (hiding).
 32081 | Vaults:2 | 32081 ||| Stepping ~*~*~tactically~*~*~ (hiding).
 32084 | Vaults:2 | 32084 ||| INVOKING Heroism.
 32179 | Vaults:2 | 32179 ||| INVOKING Heroism.
 32305 | Vaults:2 | Identified the amulet of Equivalence {Faith Dex+5}
 32319 | Vaults:2 | 32319 ||| INVOKING Heroism.
 32321 | Vaults:2 | 32321 ||| INVOKING Finesse.
 32328 | Vaults:2 | Received a gift from Okawaru
 32338 | Vaults:2 | Reached skill level 18 in Armour
 32348 | Vaults:2 | 32348 ||| Stepping ~*~*~tactically~*~*~ (stealth).
 32410 | Vaults:2 | Identified the +0 ring mail "Odibitix" {+Inv Regen+ Int+6}
 32651 | Vaults:2 | 32651 ||| INVOKING Heroism.
 32655 | Vaults:2 | Reached XP level 20. HP: 128/129 MP: 24/27
 32663 | Vaults:2 | Received a gift from Okawaru
 32708 | Vaults:2 | 32708 ||| INVOKING Heroism.
 32709 | Vaults:2 | 32709 ||| INVOKING Finesse.
 32828 | Vaults:2 | 32828 ||| DROPPING quicksilver dragon scales "Yhadiom" {rN+
                  | Will+ Str+7}.
 32829 | Vaults:2 | 32829 ||| DROPPING scarf of harm.
 32830 | Vaults:2 | 32830 ||| DROPPING amulet of Equivalence {Faith Dex+5}.
 32882 | Vaults:3 | 32882 ||| INVOKING Heroism.
 32917 | Vaults:3 | Reached skill level 16 in Fighting
 33149 | Vaults:3 | 33149 ||| Stepping ~*~*~tactically~*~*~ (hiding).
 33150 | Vaults:3 | 33150 ||| Stepping ~*~*~tactically~*~*~ (hiding).
 33163 | Vaults:3 | 33163 ||| INVOKING Heroism.
 33280 | Vaults:3 | 33280 ||| Stepping ~*~*~tactically~*~*~ (hiding).
 33370 | Vaults:3 | 33370 ||| INVOKING Heroism.
 33531 | Vaults:3 | Found a staircase to the Crypt.
 33531 | Vaults:3 | Found a basalt altar of Yredelemnul.
 33531 | Vaults:3 | Found an ancient bone altar of Kikubaaqudgha.
 33567 | Vaults:3 | 33567 ||| Stepping ~*~*~tactically~*~*~ (hiding).
 33568 | Vaults:3 | 33568 ||| Stepping ~*~*~tactically~*~*~ (hiding).
 33570 | Vaults:3 | 33570 ||| INVOKING Heroism.
 33572 | Vaults:3 | Identified the +2 pair of gloves "Eptayhid" {rElec rF- rC++
                  | rN+++ Slay+3} (Okawaru gifted it to you on level 3 of the
                  | Vaults)
 33572 | Vaults:3 | Received a gift from Okawaru
 33817 | Vaults:3 | 33817 ||| Stepping ~*~*~tactically~*~*~ (stealth).
 33820 | Vaults:3 | 33820 ||| INVOKING Heroism.
 33901 | Vaults:3 | 33901 ||| Stepping ~*~*~tactically~*~*~ (hiding).
 33904 | Vaults:3 | 33904 ||| Stepping ~*~*~tactically~*~*~ (hiding).
 34125 | Vaults:3 | 34125 ||| INVOKING Finesse.
 34146 | Vaults:3 | Reached skill level 17 in Fighting
 34146 | Vaults:3 | 34146 ||| FLEEEEING.
 34147 | Vaults:3 | 34147 ||| FLEEEEING.
 34148 | Vaults:3 | 34148 ||| FLEEEEING.
 34149 | Vaults:3 | 34149 ||| FLEEEEING.
 34150 | Vaults:3 | 34150 ||| INVOKING Heroism.
 34164 | Vaults:3 | 34164 ||| FLEEEEING.
 34165 | Vaults:3 | 34165 ||| FLEEEEING.
 34167 | Vaults:3 | 34167 ||| FLEEEEING.
 34168 | Vaults:3 | 34168 ||| FLEEEEING.
 34169 | Vaults:3 | 34169 ||| FLEEEEING.
 34170 | Vaults:3 | 34170 ||| FLEEEEING.
 34171 | Vaults:3 | 34171 ||| FLEEEEING.
 34172 | Vaults:3 | 34172 ||| FLEEEEING.
 34174 | Vaults:3 | 34174 ||| FLEEEEING.
 34175 | Vaults:3 | 34175 ||| FLEEEEING.
 34176 | Vaults:3 | 34176 ||| FLEEEEING.
 34178 | Vaults:3 | 34178 ||| FLEEEEING.
 34179 | Vaults:3 | 34179 ||| FLEEEEING.
 34180 | Vaults:3 | 34180 ||| FLEEEEING.
 34181 | Vaults:3 | 34181 ||| FLEEEEING.
 34182 | Vaults:3 | 34182 ||| FLEEEEING.
 34183 | Vaults:3 | 34183 ||| FLEEEEING.
 34184 | Vaults:3 | 34184 ||| FLEEEEING.
 34185 | Vaults:3 | 34185 ||| FLEEEEING.
 34186 | Vaults:3 | 34186 ||| FLEEEEING.
 34187 | Vaults:3 | 34187 ||| FLEEEEING.
 34188 | Vaults:3 | 34188 ||| FLEEEEING.
 34189 | Vaults:3 | 34189 ||| FLEEEEING.
 34190 | Vaults:3 | 34190 ||| FLEEEEING.
 34191 | Vaults:3 | 34191 ||| FLEEEEING.
 34192 | Vaults:3 | 34192 ||| FLEEEEING.
 34193 | Vaults:3 | 34193 ||| FLEEEEING.
 34194 | Vaults:3 | 34194 ||| FLEEEEING.
 34195 | Vaults:3 | 34195 ||| FLEEEEING.
 34196 | Vaults:3 | 34196 ||| FLEEEEING.
 34197 | Vaults:3 | 34197 ||| FLEEEEING.
 34198 | Vaults:3 | 34198 ||| FLEEEEING.
 34199 | Vaults:3 | 34199 ||| FLEEEEING.
 34200 | Vaults:3 | 34200 ||| FLEEEEING.
 34201 | Vaults:3 | 34201 ||| FLEEEEING.
 34202 | Vaults:3 | 34202 ||| FLEEEEING.
 34203 | Vaults:3 | 34203 ||| FLEEEEING.
 34265 | Vaults:3 | 34265 ||| Stepping ~*~*~tactically~*~*~ (stealth).
 34317 | Vaults:3 | 34317 ||| INVOKING Heroism.
 34469 | Vaults:3 | 34469 ||| Stepping ~*~*~tactically~*~*~ (hiding).
 34470 | Vaults:3 | 34470 ||| FLEEEEING.
 34472 | Vaults:3 | 34472 ||| FLEEEEING.
 34473 | Vaults:3 | 34473 ||| FLEEEEING.
 34474 | Vaults:3 | 34474 ||| FLEEEEING.
 34475 | Vaults:3 | 34475 ||| FLEEEEING.
 34477 | Vaults:3 | 34477 ||| Stepping ~*~*~tactically~*~*~ (hiding).
 34478 | Vaults:3 | 34478 ||| Stepping ~*~*~tactically~*~*~ (hiding).
 34479 | Vaults:3 | 34479 ||| Stepping ~*~*~tactically~*~*~ (hiding).
 34535 | Vaults:3 | 34535 ||| Stepping ~*~*~tactically~*~*~ (hiding).
 34594 | Vaults:3 | 34594 ||| DRINKING 20 potions of curing.
 34594 | Vaults:3 | 34594 ||| (to cure confusion)
 34659 | Vaults:3 | 34659 ||| UPGRADING to +2 pair of gloves "Eptayhid" {rElec
                  | rF- rC++ rN+++ Slay+3}.
 34678 | Vaults:3 | 34678 ||| UPGRADING to +1 helmet "Qairph" {rElec rF+ rC-
                  | Slay+2}.
 34688 | Vaults:3 | 34688 ||| READING 18 scrolls of teleportation.
 34690 | Vaults:3 | 34690 ||| FLEEEEING.
 34743 | Vaults:3 | 34743 ||| READING 17 scrolls of teleportation.
 34799 | Vaults:3 | 34799 ||| READING 16 scrolls of teleportation.
 35175 | Vaults:3 | Found a portal to a secret trove of treasure.
 35275 | Vaults:4 | 35275 ||| STAIRDANCE
 35310 | Vaults:4 | 35310 ||| INVOKING Heroism.
 35358 | Vaults:4 | 35358 ||| FLEEEEING.
 35360 | Vaults:4 | 35360 ||| FLEEEEING.
 35361 | Vaults:4 | 35361 ||| FLEEEEING.
 35362 | Vaults:4 | 35362 ||| FLEEEEING.
 35363 | Vaults:4 | 35363 ||| FLEEEEING.
 35364 | Vaults:4 | 35364 ||| FLEEEEING.
 35365 | Vaults:4 | 35365 ||| FLEEEEING.
 35366 | Vaults:4 | 35366 ||| FLEEEEING.
 35367 | Vaults:4 | 35367 ||| FLEEEEING.
 35368 | Vaults:4 | 35368 ||| FLEEEEING.
 35369 | Vaults:4 | 35369 ||| FLEEEEING.
 35370 | Vaults:4 | 35370 ||| FLEEEEING.
 35371 | Vaults:4 | 35371 ||| FLEEEEING.
 35373 | Vaults:4 | 35373 ||| STAIRDANCE
 35578 | Vaults:4 | 35578 ||| STAIRDANCE
 35680 | Vaults:3 | 35680 ||| DROPPING silver boomerang.
 35681 | Vaults:3 | 35681 ||| DROPPING 29 boomerangs.
 35682 | Vaults:3 | 35682 ||| DROPPING 2 boomerangs of dispersal.
 35690 | Vaults:4 | 35690 ||| STAIRDANCE
 36093 | Vaults:4 | 36093 ||| Stepping ~*~*~tactically~*~*~ (hiding).
 36284 | Vaults:4 | 36284 ||| Stepping ~*~*~tactically~*~*~ (stealth).
 36286 | Vaults:4 | 36286 ||| INVOKING Heroism.
 36306 | Vaults:4 | Identified the +3 broad axe of the Swamp {vamp, rPois}
                  | (Okawaru gifted it to you on level 4 of the Vaults)
 36306 | Vaults:4 | Received a gift from Okawaru
 36317 | Vaults:4 | 36317 ||| SWAPPING to +3 broad axe of the Swamp {vamp,
                  | rPois}.
 36318 | Vaults:4 | 36318 ||| DROPPING +5 broad axe of venom.
 36337 | Vaults:4 | Found a huge runed gate.
 36337 | Vaults:4 | Found a huge runed gate.
 36337 | Vaults:4 | Found a huge runed gate.
 36337 | Vaults:4 | Found a huge runed gate.
 36338 | Vaults:4 | Found a huge runed gate.
 36338 | Vaults:4 | Found a huge runed gate.
 36338 | Vaults:4 | Found a huge runed gate.
 36338 | Vaults:4 | Found a huge runed gate.
 36339 | Vaults:4 | Found a huge runed gate.
 36339 | Vaults:4 | Found a huge runed gate.
 36339 | Vaults:4 | Found a huge runed gate.
 36339 | Vaults:4 | Found a huge runed gate.
 36339 | Vaults:4 | Found a huge runed gate.
 36340 | Vaults:4 | Found a huge runed gate.
 36341 | Vaults:4 | Found a huge runed gate.
 36342 | Vaults:4 | Found a huge runed gate.
 36343 | Vaults:4 | Found a huge runed gate.
 36361 | Vaults:4 | 36361 ||| FLEEEEING.
 36362 | Vaults:4 | 36362 ||| FLEEEEING.
 36364 | Vaults:4 | 36364 ||| FLEEEEING.
 36365 | Vaults:4 | 36365 ||| FLEEEEING.
 36366 | Vaults:4 | 36366 ||| STAIRDANCE
 36470 | Vaults:4 | 36470 ||| STAIRDANCE
 36479 | Vaults:4 | 36479 ||| STAIRDANCE
 36589 | Vaults:4 | 36589 ||| STAIRDANCE
 36608 | Vaults:4 | 36608 ||| INVOKING Heroism.
 36612 | Vaults:4 | 36612 ||| STAIRDANCE
 36621 | Vaults:4 | 36621 ||| STAIRDANCE
 36664 | Vaults:4 | Found a huge runed gate.
 36664 | Vaults:4 | Found a huge runed gate.
 36664 | Vaults:4 | Found a huge runed gate.
 36664 | Vaults:4 | Found a huge runed gate.
 36664 | Vaults:4 | Found a huge runed gate.
 36664 | Vaults:4 | Found a huge runed gate.
 36665 | Vaults:4 | Found a huge runed gate.
 36666 | Vaults:4 | Found a huge runed gate.
 36667 | Vaults:4 | Found a huge runed gate.
 36677 | Vaults:4 | Found a huge runed gate.
 36677 | Vaults:4 | Found a huge runed gate.
 36677 | Vaults:4 | Found a huge runed gate.
 36677 | Vaults:4 | Found a huge runed gate.
 36677 | Vaults:4 | Found a huge runed gate.
 36677 | Vaults:4 | Found a huge runed gate.
 36678 | Vaults:4 | Found a huge runed gate.
 36679 | Vaults:4 | Found a huge runed gate.
 36680 | Vaults:4 | Found a huge runed gate.
 36688 | Vaults:4 | Found a huge runed gate.
 36792 | Vaults:4 | 36792 ||| Stepping ~*~*~tactically~*~*~ (hiding).
 36801 | Vaults:4 | 36801 ||| INVOKING Heroism.
 36814 | Vaults:4 | Reached XP level 21. HP: 139/139 MP: 28/28
 37010 | Vaults:4 | Found a runed translucent gate.
 37010 | Vaults:4 | Found a runed translucent gate.
 37010 | Vaults:4 | Found a runed translucent gate.
 37012 | Vaults:4 | Noticed Tang's ghost (master DsGl)
 37137 | Vaults:4 | 37137 ||| PLANNING SPIDER:4
 37520 | Spider:4 | Entered Level 4 of the Spider Nest
 37525 | Spider:4 | 37525 ||| Stepping randomly (disturbance).
 37566 | Spider:4 | 37566 ||| Stepping ~*~*~tactically~*~*~ (stealth).
 37691 | Spider:4 | Noticed Bai Suzhen
 37692 | Spider:4 | 37692 ||| Stepping ~*~*~tactically~*~*~ (stealth).
 37694 | Spider:4 | 37694 ||| Stepping ~*~*~tactically~*~*~ (stealth).
 37697 | Spider:4 | 37697 ||| INVOKING Heroism.
 37706 | Spider:4 | Killed Bai Suzhen
 37716 | Spider:4 | 37716 ||| INVOKING Heroism.
 37743 | Spider:4 | 37743 ||| Stepping ~*~*~tactically~*~*~ (stealth).
 37855 | Spider:4 | 37855 ||| Stepping ~*~*~tactically~*~*~ (hiding).
 37859 | Spider:4 | 37859 ||| INVOKING Heroism.
 37904 | Spider:4 | Reached skill level 18 in Fighting
 37973 | Spider:4 | 37973 ||| Stepping ~*~*~tactically~*~*~ (stealth).
 37975 | Spider:4 | 37975 ||| Stepping ~*~*~tactically~*~*~ (hiding).
 38008 | Spider:4 | 38008 ||| Stepping ~*~*~tactically~*~*~ (stealth).
 38009 | Spider:4 | 38009 ||| Stepping ~*~*~tactically~*~*~ (stealth).
 38015 | Spider:4 | 38015 ||| INVOKING Heroism.
 38016 | Spider:4 | 38016 ||| INVOKING Finesse.
 38034 | Spider:4 | Received a gift from Okawaru
 38043 | Spider:4 | 38043 ||| DRINKING potion of cancellation.
 38081 | Spider:4 | Received a gift from Okawaru
 38088 | Spider:4 | 38088 ||| Stepping randomly (disturbance).
 38089 | Spider:4 | 38089 ||| Stepping randomly (disturbance).
 38092 | Spider:4 | 38092 ||| Stepping randomly (disturbance).
 38093 | Spider:4 | 38093 ||| Stepping randomly (disturbance).
 38140 | Spider:4 | 38140 ||| INVOKING Heroism.
 38303 | Spider:4 | 38303 ||| Stepping ~*~*~tactically~*~*~ (stealth).
 38306 | Spider:4 | Identified the +9 plate armour "Urpheh" {+Blink rElec
                  | rPois} (Okawaru gifted it to you on level 4 of the Spider
                  | Nest)
 38306 | Spider:4 | Received a gift from Okawaru
 38336 | Spider:4 | 38336 ||| INVOKING Heroism.
 38349 | Spider:4 | 38349 ||| INVOKING Finesse.
 38503 | Spider:4 | Got a gossamer rune of Zot
 38527 | Spider:4 | Identified the +1 hat of the Noxious God {Regen+ Dex+4
                  | Slay-3}
 38694 | Spider:4 | 38694 ||| PLANNING DEPTHS
 38694 | Spider:4 | 38694 ||| DROPPING scarf of harm.
 38695 | Spider:4 | 38695 ||| DROPPING +1 hat of the Noxious God {Regen+ Dex+4
                  | Slay-3}.
 38696 | Spider:4 | 38696 ||| READING 2 scrolls labelled CAOWKA LICVUBE.
 38717 | Spider:4 | 38717 ||| DROPPING scroll of torment.
 39011 | Depths:1 | Entered Level 1 of the Depths
 39012 | Depths:1 | 39012 ||| INVOKING Heroism.
 39013 | Depths:1 | 39013 ||| INVOKING Finesse.
 39014 | Depths:1 | 39014 ||| INVOKING Finesse.
 39081 | Depths:1 | 39081 ||| INVOKING Heroism.
 39172 | Depths:1 | 39172 ||| Stepping ~*~*~tactically~*~*~ (stealth).
 39223 | Depths:1 | 39223 ||| Stepping ~*~*~tactically~*~*~ (hiding).
 39277 | Depths:1 | Found the ring of the Tortoise {AC+8}
 39441 | Depths:1 | 39441 ||| Stepping ~*~*~tactically~*~*~ (stealth).
 39443 | Depths:1 | 39443 ||| Stepping ~*~*~tactically~*~*~ (stealth).
 39446 | Depths:1 | 39446 ||| INVOKING Finesse.
 39447 | Depths:1 | 39447 ||| Stepping ~*~*~tactically~*~*~ (stealth).
 39523 | Depths:1 | 39523 ||| Stepping ~*~*~tactically~*~*~ (hiding).
 39525 | Depths:1 | 39525 ||| INVOKING Heroism.
 39625 | Depths:1 | Found a one-way gate leading to the halls of Pandemonium.
 39688 | Depths:1 | Found Weqiuc's General Store.
 39691 | Depths:1 | Found Padazaf's Magic Scroll Shoppe.
 39691 | Depths:1 | Found Udidghy's Antique Armour Emporium.
 39692 | Depths:1 | 39692 ||| INVOKING Heroism.
 39693 | Depths:1 | 39693 ||| INVOKING Finesse.
 39745 | Depths:1 | 39745 ||| BUYING scroll of enchant armour (120 gold).
 39745 | Depths:1 | Bought a scroll of enchant armour for 120 gold pieces
 39745 | Depths:1 | 39745 ||| READING scroll of enchant armour.
 39745 | Depths:1 | 39745 ||| ENCHANTING +3 gold dragon scales.
 39746 | Depths:1 | Found Xasehow's General Store.
 39752 | Depths:1 | 39752 ||| BUYING potion of heal wounds (70 gold).
 39752 | Depths:1 | Bought a potion of heal wounds for 70 gold pieces
 39752 | Depths:1 | 39752 ||| BUYING scroll of blinking (105 gold).
 39752 | Depths:1 | Bought a scroll of blinking for 105 gold pieces
 39760 | Depths:1 | 39760 ||| BUYING scroll of blinking (172 gold).
 39760 | Depths:1 | Bought a scroll of blinking for 172 gold pieces
 39760 | Depths:1 | 39760 ||| BUYING scroll of blinking (172 gold).
 39760 | Depths:1 | Bought a scroll of blinking for 172 gold pieces
 39805 | Depths:1 | 39805 ||| Stepping ~*~*~tactically~*~*~ (stealth).
 39807 | Depths:1 | 39807 ||| Stepping ~*~*~tactically~*~*~ (hiding).
 39815 | Depths:1 | 39815 ||| INVOKING Heroism.
 39871 | Depths:1 | Reached skill level 19 in Fighting
 39923 | Depths:1 | 39923 ||| INVOKING Heroism.
 39924 | Depths:1 | 39924 ||| INVOKING Finesse.
 40037 | Depths:1 | 40037 ||| INVOKING Heroism.
 40065 | Depths:1 | 40065 ||| PLANNING DEPTHS
 40212 | Depths:1 | Found a one-way gate to the infinite horrors of the Abyss.
 40234 | Depths:1 | Found a gateway to Hell.
 40242 | Depths:1 | 40242 ||| READING scroll of enchant armour.
 40242 | Depths:1 | 40242 ||| ENCHANTING +4 gold dragon scales.
 40336 | Depths:1 | 40336 ||| UPGRADING to ring of the Tortoise {AC+8}.
 40338 | Depths:1 | 40338 ||| DROPPING +4 ring of evasion.
 40485 | Depths:2 | 40485 ||| INVOKING Heroism.
 40521 | Depths:2 | 40521 ||| Stepping ~*~*~tactically~*~*~ (stealth).
 40526 | Depths:2 | 40526 ||| INVOKING Heroism.
 40538 | Depths:2 | Received a gift from Okawaru
 40566 | Depths:2 | Reached XP level 22. HP: 149/149 MP: 29/29
 40585 | Depths:2 | 40585 ||| Stepping ~*~*~tactically~*~*~ (stealth).
 40587 | Depths:2 | 40587 ||| Stepping ~*~*~tactically~*~*~ (stealth).
 40589 | Depths:2 | 40589 ||| INVOKING Heroism.
 40616 | Depths:2 | Received a gift from Okawaru
 40680 | Depths:2 | 40680 ||| Stepping ~*~*~tactically~*~*~ (hiding).
 40681 | Depths:2 | 40681 ||| Stepping ~*~*~tactically~*~*~ (hiding).
 40684 | Depths:2 | 40684 ||| Stepping ~*~*~tactically~*~*~ (hiding).
 40685 | Depths:2 | 40685 ||| Stepping ~*~*~tactically~*~*~ (hiding).
 40686 | Depths:2 | 40686 ||| Stepping ~*~*~tactically~*~*~ (hiding).
 40774 | Depths:2 | 40774 ||| INVOKING Heroism.
 40791 | Depths:2 | Found a one-way gateway to a ziggurat.
 40792 | Depths:2 | 40792 ||| Stepping ~*~*~tactically~*~*~ (hiding).
 40808 | Depths:2 | Reached skill level 21 in Armour
 40853 | Depths:2 | Noticed Saint Roka
 40856 | Depths:2 | 40856 ||| INVOKING Heroism.
 40880 | Depths:2 | Killed Saint Roka
 40880 | Depths:2 | Received a gift from Okawaru
 41042 | Depths:2 | 41042 ||| INVOKING Finesse.
 41105 | Depths:2 | 41105 ||| INVOKING Heroism.
 41110 | Depths:2 | Paralysed by something for 3 turns
 41228 | Depths:2 | Found the +8 Vampire's Tooth {vamp}
 41278 | Depths:2 | 41278 ||| Stepping ~*~*~tactically~*~*~ (hiding).
 41279 | Depths:2 | 41279 ||| Stepping ~*~*~tactically~*~*~ (hiding).
 41293 | Depths:2 | 41293 ||| Stepping ~*~*~tactically~*~*~ (hiding).
 41306 | Depths:2 | 41306 ||| FLEEEEING.
 41307 | Depths:2 | 41307 ||| INVOKING Heroism.
 41309 | Depths:2 | Paralysed by something for 2 turns
 41320 | Depths:2 | Paralysed by something for 2 turns
 41451 | Depths:2 | 41451 ||| DRINKING 22 potions of curing.
 41451 | Depths:2 | 41451 ||| (to cure confusion)
 41472 | Depths:2 | 41472 ||| Stepping ~*~*~tactically~*~*~ (hiding).
 41483 | Depths:2 | 41483 ||| INVOKING Heroism.
 41486 | Depths:2 | 41486 ||| Stepping ~*~*~tactically~*~*~ (hiding).
 41518 | Depths:2 | Received a gift from Okawaru
 41520 | Depths:2 | 41520 ||| INVOKING Finesse.
 41540 | Depths:2 | 41540 ||| Stepping ~*~*~tactically~*~*~ (stealth).
 41569 | Depths:2 | 41569 ||| ZAPPING wand of digging (10).
 41571 | Depths:2 | 41571 ||| DRINKING 21 potions of curing.
 41571 | Depths:2 | 41571 ||| (to cure confusion)
 41601 | Depths:2 | 41601 ||| FLEEEEING.
 41602 | Depths:2 | 41602 ||| FLEEEEING.
 41603 | Depths:2 | 41603 ||| FLEEEEING.
 41604 | Depths:2 | 41604 ||| FLEEEEING.
 41605 | Depths:2 | 41605 ||| FLEEEEING.
 41606 | Depths:2 | 41606 ||| FLEEEEING.
 41607 | Depths:2 | 41607 ||| FLEEEEING.
 41614 | Depths:2 | 41614 ||| FLEEEEING.
 41615 | Depths:2 | 41615 ||| FLEEEEING.
 41616 | Depths:2 | 41616 ||| FLEEEEING.
 41617 | Depths:2 | 41617 ||| FLEEEEING.
 41618 | Depths:2 | 41618 ||| FLEEEEING.
 41619 | Depths:2 | 41619 ||| FLEEEEING.
 41620 | Depths:2 | 41620 ||| FLEEEEING.
 41621 | Depths:2 | 41621 ||| FLEEEEING.
 41622 | Depths:2 | 41622 ||| FLEEEEING.
 41623 | Depths:2 | 41623 ||| FLEEEEING.
 41624 | Depths:2 | 41624 ||| FLEEEEING.
 41625 | Depths:2 | 41625 ||| FLEEEEING.
 41626 | Depths:2 | 41626 ||| FLEEEEING.
 41627 | Depths:2 | 41627 ||| FLEEEEING.
 41628 | Depths:2 | 41628 ||| FLEEEEING.
 41629 | Depths:2 | 41629 ||| FLEEEEING.
 41630 | Depths:2 | 41630 ||| FLEEEEING.
 41636 | Depths:2 | 41636 ||| FLEEEEING.
 41637 | Depths:2 | 41637 ||| FLEEEEING.
 41638 | Depths:2 | 41638 ||| FLEEEEING.
 41645 | Depths:2 | 41645 ||| FLEEEEING.
 41646 | Depths:2 | 41646 ||| FLEEEEING.
 41647 | Depths:2 | 41647 ||| FLEEEEING.
 41648 | Depths:2 | 41648 ||| FLEEEEING.
 41650 | Depths:2 | 41650 ||| STAIRDANCE
 41746 | Depths:2 | 41746 ||| Stepping ~*~*~tactically~*~*~ (hiding).
 41758 | Depths:2 | 41758 ||| Stepping ~*~*~tactically~*~*~ (hiding).
 41835 | Depths:2 | 41835 ||| READING 18 scrolls of teleportation.
 41839 | Depths:2 | 41839 ||| INVOKING Heroism.
 41842 | Depths:2 | 41842 ||| ZAPPING wand of digging (9).
 41844 | Depths:2 | Received a gift from Okawaru
 41879 | Depths:2 | 41879 ||| INVOKING Heroism.
 41892 | Depths:2 | 41892 ||| DRINKING 20 potions of curing.
 41892 | Depths:2 | 41892 ||| (to cure confusion)
 41905 | Depths:2 | 41905 ||| ZAPPING wand of digging (8).
 41907 | Depths:2 | 41907 ||| INVOKING Heroism.
 41909 | Depths:2 | 41909 ||| DRINKING 20 potions of curing.
 41909 | Depths:2 | 41909 ||| (to cure confusion)
 41918 | Depths:2 | Received a gift from Okawaru
 42241 | Depths:2 | 42241 ||| Stepping ~*~*~tactically~*~*~ (hiding).
 42446 | Depths:3 | Paralysed by a sphinx for 5 turns
 42459 | Depths:3 | 42459 ||| INVOKING Heroism.
 42464 | Depths:3 | 42464 ||| Stepping ~*~*~tactically~*~*~ (stealth).
 42470 | Depths:3 | 42470 ||| Stepping ~*~*~tactically~*~*~ (stealth).
 42511 | Depths:3 | Paralysed by something for 5 turns
 42570 | Depths:3 | Found an opulent altar of Gozag.
 42615 | Depths:3 | Noticed a juggernaut
 42633 | Depths:3 | 42633 ||| INVOKING Heroism.
 42644 | Depths:3 | 42644 ||| INVOKING Finesse.
 42685 | Depths:3 | 42685 ||| INVOKING Heroism.
 42705 | Depths:3 | 42705 ||| Stepping ~*~*~tactically~*~*~ (hiding).
 42721 | Depths:3 | 42721 ||| Stepping ~*~*~tactically~*~*~ (stealth).
 42722 | Depths:3 | 42722 ||| Stepping ~*~*~tactically~*~*~ (stealth).
 42759 | Depths:3 | 42759 ||| Stepping ~*~*~tactically~*~*~ (hiding).
 42760 | Depths:3 | 42760 ||| Stepping ~*~*~tactically~*~*~ (hiding).
 42809 | Depths:3 | 42809 ||| Stepping ~*~*~tactically~*~*~ (stealth).
 42811 | Depths:3 | 42811 ||| INVOKING Heroism.
 42812 | Depths:3 | 42812 ||| INVOKING Finesse.
 42885 | Depths:3 | 42885 ||| Stepping ~*~*~tactically~*~*~ (hiding).
 42886 | Depths:3 | 42886 ||| Stepping ~*~*~tactically~*~*~ (hiding).
 42887 | Depths:3 | 42887 ||| Stepping ~*~*~tactically~*~*~ (hiding).
 42888 | Depths:3 | 42888 ||| Stepping ~*~*~tactically~*~*~ (hiding).
 42891 | Depths:3 | 42891 ||| DRINKING 20 potions of curing.
 42891 | Depths:3 | 42891 ||| (to cure confusion)
 43031 | Depths:3 | Found a transporter.
 43162 | Depths:3 | Found Rigicrij's Book Shop.
 43162 | Depths:3 | Found Husul's Jewellery Emporium.
 43164 | Depths:3 | Found Deil's Jewellery Emporium.
 43170 | Depths:3 | 43170 ||| BUYING amulet of reflection (420 gold).
 43170 | Depths:3 | Bought an amulet of reflection for 420 gold pieces
 43197 | Depths:3 | 43197 ||| INVOKING Heroism.
 43197 | Depths:3 | Noticed Sojobo
 43198 | Depths:3 | 43198 ||| INVOKING Finesse.
 43219 | Depths:3 | Paralysed by an air elemental for 1 turns
 43222 | Depths:3 | Noticed Jory
 43234 | Depths:3 | Paralysed by an air elemental for 1 turns
 43258 | Depths:3 | Killed Sojobo
 43280 | Depths:3 | Killed Jory
 43281 | Depths:3 | Reached skill level 20 in Fighting
 43426 | Depths:3 | 43426 ||| Stepping ~*~*~tactically~*~*~ (stealth).
 43439 | Depths:3 | 43439 ||| Stepping ~*~*~tactically~*~*~ (stealth).
 43454 | Depths:3 | 43454 ||| UPGRADING to amulet of reflection.
 43455 | Depths:3 | 43455 ||| Stepping ~*~*~tactically~*~*~ (cloud).
 43466 | Depths:3 | 43466 ||| Stepping ~*~*~tactically~*~*~ (stealth).
 43468 | Depths:3 | 43468 ||| Stepping ~*~*~tactically~*~*~ (stealth).
 43475 | Depths:3 | Received a gift from Okawaru
 43568 | Depths:3 | 43568 ||| UPGRADING to amulet of reflection.
 43578 | Depths:3 | 43578 ||| DROPPING amulet of regeneration.
 43579 | Depths:3 | 43579 ||| DROPPING 2 boomerangs.
 43598 | Depths:4 | Entered Level 4 of the Depths
 43599 | Depths:4 | 43599 ||| PLANNING WIZLAB
 43599 | Depths:4 | 43599 ||| PLANNING WIZLAB
 43599 | Depths:4 | 43599 ||| PLANNING WIZLAB
 43616 | Depths:4 | 43616 ||| PLANNING WIZLAB
 43620 | Depths:4 | Reached XP level 23. HP: 156/156 MP: 30/30
 43694 | Depths:4 | 43694 ||| Stepping ~*~*~tactically~*~*~ (hiding).
 43696 | Depths:4 | 43696 ||| Stepping ~*~*~tactically~*~*~ (hiding).
 43807 | Depths:4 | Noticed Parghit
 43808 | Depths:4 | 43808 ||| Stepping ~*~*~tactically~*~*~ (hiding).
 43814 | Depths:4 | 43814 ||| INVOKING Heroism.
 43814 | Depths:4 | Noticed Frederick
 43815 | Depths:4 | 43815 ||| INVOKING Finesse.
 43831 | Depths:4 | Killed Frederick
 43843 | Depths:4 | Reached skill level 21 in Shields
 43897 | Depths:4 | Killed Parghit
 43920 | Depths:4 | 43920 ||| INVOKING Heroism.
 43922 | Depths:4 | 43922 ||| INVOKING Finesse.
 43933 | Depths:4 | 43933 ||| Stepping ~*~*~tactically~*~*~ (hiding).
 43951 | Depths:4 | Received a gift from Okawaru
 43980 | Depths:4 | Gained mutation: You are dopey. (Int -2) [a shining eye]
 44169 | Depths:4 | Noticed a golden dragon
 44170 | Depths:4 | 44170 ||| INVOKING Heroism.
 44171 | Depths:4 | 44171 ||| INVOKING Finesse.
 44183 | Depths:4 | Killed a golden dragon
 44241 | Depths:4 | 44241 ||| INVOKING Heroism.
 44307 | Depths:4 | 44307 ||| INVOKING Heroism.
 44348 | Depths:4 | Received a gift from Okawaru
 44349 | Depths:4 | Reached skill level 21 in Fighting
 44371 | Depths:4 | Noticed a golden dragon
 44372 | Depths:4 | 44372 ||| INVOKING Heroism.
 44373 | Depths:4 | 44373 ||| INVOKING Finesse.
 44384 | Depths:4 | Killed a golden dragon
 44423 | Depths:4 | Found a gate to the Realm of Zot.
 44424 | Depths:4 | 44424 ||| RIP WIZLAB
 44424 | Depths:4 | 44424 ||| PLANNING DEPTHS
 44496 | Depths:4 | Found a magical portal.
 44538 | Depths:4 | Found a runed translucent gate.
 44538 | Depths:4 | Found a runed translucent gate.
 44539 | Depths:4 | Found a runed translucent gate.
 44542 | Depths:4 | Noticed qw's ghost (adept MiFi)
 44542 | Depths:4 | Noticed Pikuto's ghost (adept MiBe)
 44542 | Depths:4 | Noticed Gucom's ghost (veteran GnFi)
 44784 | Depths:4 | Found a glowing golden altar of the Shining One.
 44817 | Depths:4 | Found a shimmering altar of Xom.
 44817 | Depths:4 | Found a snail-covered altar of Cheibriados.
 44819 | Depths:4 | Found a glowing silver altar of Zin.
 44819 | Depths:4 | Found a bloodstained altar of Trog.
 44819 | Depths:4 | Found an opulent altar of Gozag.
 44970 | Depths:4 | 44970 ||| PLANNING VAULTS:5
 44970 | Depths:4 | 44970 ||| UPGRADING to +7 gold dragon scales.
 44980 | Depths:4 | 44980 ||| DROPPING +9 plate armour "Urpheh" {+Blink rElec
                  | rPois}.
 44981 | Depths:4 | 44981 ||| DROPPING +5 gold dragon scales.
 45248 | Vaults:5 | Entered Level 5 of the Vaults
 45249 | Vaults:5 | 45249 ||| INVOKING Heroism.
 45250 | Vaults:5 | 45250 ||| STAIRDANCE
 45333 | Vaults:5 | 45333 ||| STAIRDANCE
 45335 | Vaults:4 | 45335 ||| INVOKING Heroism.
 45420 | Vaults:5 | 45420 ||| STAIRDANCE
 45422 | Vaults:4 | 45422 ||| INVOKING Heroism.
 45423 | Vaults:4 | 45423 ||| INVOKING Finesse.
 45430 | Vaults:4 | Reached skill level 12 in Throwing
 45441 | Vaults:4 | Received a gift from Okawaru
 45537 | Vaults:5 | 45537 ||| STAIRDANCE
 45539 | Vaults:4 | 45539 ||| INVOKING Heroism.
 45618 | Vaults:5 | 45618 ||| STAIRDANCE
 45732 | Vaults:5 | 45732 ||| INVOKING Heroism.
 45739 | Vaults:5 | 45739 ||| INVOKING Finesse.
 45753 | Vaults:5 | Noticed Xtahua
 45754 | Vaults:5 | 45754 ||| DRINKING 7 potions of resistance.
 45774 | Vaults:5 | Noticed a golden dragon
 45780 | Vaults:5 | Received a gift from Okawaru
 45780 | Vaults:5 | Noticed Margery
 45787 | Vaults:5 | Killed Xtahua
 45790 | Vaults:5 | Reached skill level 22 in Fighting
 45792 | Vaults:5 | Received a gift from Okawaru
 45809 | Vaults:5 | Killed a golden dragon
 45818 | Vaults:5 | Killed Margery
 45819 | Vaults:5 | Reached skill level 6 in Dodging
 45827 | Vaults:5 | Reached XP level 24. HP: 163/168 MP: 30/30
 45848 | Vaults:5 | 45848 ||| INVOKING Heroism.
 45858 | Vaults:5 | Received a gift from Okawaru
 45869 | Vaults:5 | Received a gift from Okawaru
 45875 | Vaults:5 | 45875 ||| INVOKING Heroism.
 45888 | Vaults:5 | Reached ****** piety under Okawaru
 45908 | Vaults:5 | 45908 ||| INVOKING Heroism.
 46058 | Vaults:5 | 46058 ||| READING scroll of enchant armour.
 46058 | Vaults:5 | 46058 ||| ENCHANTING +7 gold dragon scales.
 46101 | Vaults:5 | Identified the +8 plate armour of Cheibriados's Respect
                  | {Int+5}
 46117 | Vaults:5 | Got a silver rune of Zot
 46130 | Vaults:5 | 46130 ||| DROPPING +2 vorpal war axe.
 46233 | Vaults:5 | Found the +3 pair of gauntlets of War {Slay+5}
 46351 | Vaults:5 | Identified the amulet "Piveja" {Spirit *Corrode Fly Int+4}
 46361 | Vaults:5 | 46361 ||| Stepping ~*~*~tactically~*~*~ (hiding).
 46365 | Vaults:5 | 46365 ||| INVOKING Heroism.
 46828 | Vaults:5 | Found the +8 demon trident "Rift" {distort, reach+}
 46835 | Vaults:5 | Identified the ring of Ukluedu {rElec rPois rN+ Int-3
                  | Stlth+}
 46891 | Vaults:5 | 46891 ||| PLANNING SHOPPING SPREE
 46891 | Vaults:5 | 46891 ||| DROPPING +2 pair of gloves of strength.
 46892 | Vaults:5 | 46892 ||| DROPPING amulet "Piveja" {Spirit *Corrode Fly
                  | Int+4}.
 46893 | Vaults:5 | 46893 ||| DROPPING +4 ring of slaying {mikee}.
 46894 | Vaults:5 | 46894 ||| DROPPING ring of Ukluedu {rElec rPois rN+ Int-3
                  | Stlth+}.
 47632 | Orc:2    | 47632 ||| PLANNING ZOT
 47906 | Zot:1    | Entered Level 1 of the Realm of Zot
 47907 | Zot:1    | 47907 ||| INVOKING Heroism.
 47932 | Zot:1    | Reached skill level 23 in Fighting
 48003 | Zot:1    | 48003 ||| Stepping ~*~*~tactically~*~*~ (hiding).
 48007 | Zot:1    | 48007 ||| INVOKING Heroism.
 48019 | Zot:1    | 48019 ||| Stepping ~*~*~tactically~*~*~ (hiding).
 48059 | Zot:1    | 48059 ||| Stepping ~*~*~tactically~*~*~ (hiding).
 48086 | Zot:1    | 48086 ||| Stepping ~*~*~tactically~*~*~ (stealth).
 48089 | Zot:1    | 48089 ||| Stepping ~*~*~tactically~*~*~ (hiding).
 48090 | Zot:1    | 48090 ||| Stepping ~*~*~tactically~*~*~ (hiding).
 48091 | Zot:1    | 48091 ||| INVOKING Heroism.
 48145 | Zot:1    | Received a gift from Okawaru
 48145 | Zot:1    | Found the +10 tower shield of Ignorance {rN+ Int-4}
 48155 | Zot:1    | 48155 ||| INVOKING Heroism.
 48212 | Zot:1    | 48212 ||| INVOKING Heroism.
 48267 | Zot:1    | 48267 ||| INVOKING Heroism.
 48364 | Zot:1    | 48364 ||| Stepping ~*~*~tactically~*~*~ (stealth).
 48367 | Zot:1    | 48367 ||| Stepping ~*~*~tactically~*~*~ (stealth).
 48469 | Zot:1    | Noticed a curse toe
 48470 | Zot:1    | 48470 ||| INVOKING Heroism.
 48491 | Zot:1    | Killed a curse toe
 48497 | Zot:1    | 48497 ||| Stepping ~*~*~tactically~*~*~ (hiding).
 48503 | Zot:1    | 48503 ||| Stepping ~*~*~tactically~*~*~ (hiding).
 48505 | Zot:1    | 48505 ||| Stepping ~*~*~tactically~*~*~ (hiding).
 48513 | Zot:1    | Reached skill level 24 in Fighting
 48804 | Zot:1    | 48804 ||| Stepping ~*~*~tactically~*~*~ (stealth).
 49192 | Zot:1    | 49192 ||| UPGRADING to +3 pair of gauntlets of War
                  | {Slay+5}.
 49202 | Zot:1    | 49202 ||| UPGRADING to +10 tower shield of Ignorance {rN+
                  | Int-4}.
 49212 | Zot:1    | 49212 ||| DROPPING +2 cloak.
 49213 | Zot:1    | 49213 ||| DROPPING +1 tower shield of protection.
 49214 | Zot:1    | 49214 ||| DROPPING ring of protection from cold.
 49299 | Zot:2    | 49299 ||| INVOKING Heroism.
 49469 | Zot:2    | 49469 ||| INVOKING Heroism.
 49482 | Zot:2    | Reached XP level 25. HP: 178/178 MP: 1/30
 49613 | Zot:2    | Identified the +1 leather armour "Quugel" {rC+ Regen+
                  | Int-3}
 49640 | Zot:2    | 49640 ||| Stepping ~*~*~tactically~*~*~ (hiding).
 49643 | Zot:2    | 49643 ||| INVOKING Heroism.
 49871 | Zot:2    | 49871 ||| INVOKING Heroism.
 49899 | Zot:2    | Identified the +0 hat of Vamof {Will+ Int+6 Dex-4 Stlth+}
                  | (Okawaru gifted it to you on level 2 of the Realm of Zot)
 49899 | Zot:2    | Received a gift from Okawaru
 49900 | Zot:2    | 49900 ||| Stepping ~*~*~tactically~*~*~ (hiding).
 49922 | Zot:2    | 49922 ||| Stepping ~*~*~tactically~*~*~ (cloud).
 49931 | Zot:2    | 49931 ||| INVOKING Heroism.
 50260 | Zot:2    | 50260 ||| Stepping ~*~*~tactically~*~*~ (hiding).
 50444 | Zot:2    | 50444 ||| DROPPING +0 hat of Vamof {Will+ Int+6 Dex-4
                  | Stlth+}.
 50445 | Zot:2    | 50445 ||| DROPPING ring of see invisible.
 50464 | Zot:3    | 50464 ||| INVOKING Heroism.
 50567 | Zot:3    | 50567 ||| Stepping ~*~*~tactically~*~*~ (stealth).
 50666 | Zot:3    | 50666 ||| INVOKING Heroism.
 50853 | Zot:3    | 50853 ||| Stepping ~*~*~tactically~*~*~ (hiding).
 50865 | Zot:3    | 50865 ||| INVOKING Heroism.
 50913 | Zot:3    | 50913 ||| Stepping ~*~*~tactically~*~*~ (stealth).
 50914 | Zot:3    | 50914 ||| Stepping ~*~*~tactically~*~*~ (stealth).
 50916 | Zot:3    | 50916 ||| Stepping ~*~*~tactically~*~*~ (hiding).
 50917 | Zot:3    | 50917 ||| Stepping ~*~*~tactically~*~*~ (hiding).
 50944 | Zot:3    | 50944 ||| INVOKING Heroism.
 50980 | Zot:3    | Reached skill level 25 in Fighting
 51065 | Zot:3    | 51065 ||| INVOKING Heroism.
 51098 | Zot:3    | 51098 ||| Stepping ~*~*~tactically~*~*~ (stealth).
 51103 | Zot:3    | 51103 ||| Stepping ~*~*~tactically~*~*~ (stealth).
 51191 | Zot:3    | 51191 ||| INVOKING Heroism.
 51425 | Zot:3    | Identified the +1 scale mail "Tulig" {-Tele Will+ Regen+
                  | Str+6}
 51427 | Zot:3    | Noticed a Killer Klown
 51428 | Zot:3    | 51428 ||| INVOKING Heroism.
 51429 | Zot:3    | 51429 ||| INVOKING Finesse.
 51434 | Zot:3    | Noticed an orb of fire
 51435 | Zot:3    | 51435 ||| DRINKING 8 potions of resistance.
 51447 | Zot:3    | Gained mutation: Potions are less effective at restoring
                  | your health. [an orb of fire]
 51448 | Zot:3    | 51448 ||| DRINKING 7 potions of resistance.
 51455 | Zot:3    | Gained mutation: You are frail. (-10% HP) [an orb of fire]
 51464 | Zot:3    | Killed a Killer Klown
 51478 | Zot:3    | Killed an orb of fire
 51479 | Zot:3    | Reached skill level 15 in Throwing
 51505 | Zot:3    | 51505 ||| DRINKING 9 potions of mutation.
 51505 | Zot:3    | Lost mutation: Potions are less effective at restoring your
                  | health. [potion of mutation]
 51505 | Zot:3    | Lost mutation: You are dopey. (Int -2) [potion of mutation]
 51505 | Zot:3    | Lost mutation: You are frail. (-10% HP) [potion of
                  | mutation]
 51505 | Zot:3    | Gained mutation: You occasionally lose the ability to read
                  | scrolls when taking damage. [potion of mutation]
 51505 | Zot:3    | Gained mutation: You are weak. (Str -2) [potion of
                  | mutation]
 51505 | Zot:3    | Gained mutation: You are partially covered in iridescent
                  | scales. (AC +2) [potion of mutation]
 51551 | Zot:3    | 51551 ||| DRINKING 8 potions of mutation.
 51551 | Zot:3    | Lost mutation: You occasionally lose the ability to read
                  | scrolls when taking damage. [potion of mutation]
 51551 | Zot:3    | Lost mutation: You are partially covered in iridescent
                  | scales. (AC +2) [potion of mutation]
 51551 | Zot:3    | Gained mutation: You expend magic power (3 MP) to
                  | strengthen your wands. [potion of mutation]
 51551 | Zot:3    | Gained mutation: You are dopey. (Int -2) [potion of
                  | mutation]
 51551 | Zot:3    | Gained mutation: You are strong-willed. (Will+) [potion of
                  | mutation]
 51551 | Zot:3    | Gained mutation: You have a beak for a mouth. [potion of
                  | mutation]
 51823 | Zot:3    | 51823 ||| Stepping randomly (disturbance).
 51824 | Zot:3    | 51824 ||| Stepping randomly (disturbance).
 51976 | Zot:3    | 51976 ||| Stepping ~*~*~tactically~*~*~ (hiding).
 51981 | Zot:3    | 51981 ||| INVOKING Heroism.
 52004 | Zot:3    | Received a gift from Okawaru
 52011 | Zot:3    | 52011 ||| Stepping ~*~*~tactically~*~*~ (stealth).
 52163 | Zot:3    | 52163 ||| INVOKING Heroism.
 52486 | Zot:3    | 52486 ||| DROPPING +2 helmet.
 52487 | Zot:3    | 52487 ||| DROPPING +1 helmet "Qairph" {rElec rF+ rC-
                  | Slay+2}.
 52488 | Zot:3    | 52488 ||| UPGRADING to +1 cloak of willpower.
 52583 | Zot:4    | 52583 ||| INVOKING Heroism.
 52606 | Zot:4    | 52606 ||| INVOKING Heroism.
 52833 | Zot:4    | 52833 ||| INVOKING Heroism.
 52920 | Zot:4    | 52920 ||| READING scroll of enchant armour.
 52920 | Zot:4    | 52920 ||| ENCHANTING +8 gold dragon scales.
 53032 | Zot:4    | 53032 ||| Stepping ~*~*~tactically~*~*~ (hiding).
 53035 | Zot:4    | 53035 ||| INVOKING Heroism.
 53328 | Zot:4    | 53328 ||| Stepping ~*~*~tactically~*~*~ (hiding).
 53330 | Zot:4    | 53330 ||| INVOKING Heroism.
 53336 | Zot:4    | Received a gift from Okawaru
 53384 | Zot:4    | Reached skill level 26 in Fighting
 53462 | Zot:4    | 53462 ||| Stepping ~*~*~tactically~*~*~ (hiding).
 53463 | Zot:4    | 53463 ||| INVOKING Heroism.
 53674 | Zot:4    | 53674 ||| DROPPING +4 ring of protection.
 53682 | Zot:5    | Entered Level 5 of the Realm of Zot
 53683 | Zot:5    | 53683 ||| STAIRDANCE
 53693 | Zot:5    | Received a gift from Okawaru
 53704 | Zot:5    | 53704 ||| FLEEEEING.
 53705 | Zot:5    | 53705 ||| FLEEEEING.
 53706 | Zot:5    | 53706 ||| FLEEEEING.
 53707 | Zot:5    | 53707 ||| FLEEEEING.
 53708 | Zot:5    | 53708 ||| FLEEEEING.
 53709 | Zot:5    | 53709 ||| FLEEEEING.
 53710 | Zot:5    | 53710 ||| FLEEEEING.
 53711 | Zot:5    | 53711 ||| FLEEEEING.
 53712 | Zot:5    | 53712 ||| STAIRDANCE
 53819 | Zot:5    | Paralysed by a Zot trap for 4 turns
 53880 | Zot:5    | 53880 ||| Stepping ~*~*~tactically~*~*~ (stealth).
 53882 | Zot:5    | 53882 ||| Stepping ~*~*~tactically~*~*~ (hiding).
 53893 | Zot:5    | 53893 ||| INVOKING Heroism.
 53918 | Zot:5    | 53918 ||| Stepping ~*~*~tactically~*~*~ (hiding).
 53928 | Zot:5    | Reached XP level 26. HP: 187/188 MP: 30/30
 54040 | Zot:5    | 54040 ||| INVOKING Heroism.
 54073 | Zot:5    | 54073 ||| Stepping ~*~*~tactically~*~*~ (hiding).
 54074 | Zot:5    | 54074 ||| Stepping ~*~*~tactically~*~*~ (hiding).
 54082 | Zot:5    | 54082 ||| INVOKING Heroism.
 54095 | Zot:5    | 54095 ||| Stepping ~*~*~tactically~*~*~ (hiding).
 54097 | Zot:5    | Noticed a Killer Klown
 54099 | Zot:5    | 54099 ||| INVOKING Finesse.
 54104 | Zot:5    | Noticed a dread lich
 54115 | Zot:5    | Received a gift from Okawaru
 54117 | Zot:5    | Noticed a Killer Klown
 54127 | Zot:5    | Killed a dread lich
 54140 | Zot:5    | Killed a Killer Klown
 54169 | Zot:5    | 54169 ||| DRINKING potion of cancellation.
 54187 | Zot:5    | Killed a Killer Klown
 54187 | Zot:5    | Received a gift from Okawaru
 54238 | Zot:5    | Noticed a Killer Klown
 54239 | Zot:5    | 54239 ||| INVOKING Heroism.
 54263 | Zot:5    | Noticed a Killer Klown
 54305 | Zot:5    | 54305 ||| INVOKING Heroism.
 54307 | Zot:5    | 54307 ||| INVOKING Finesse.
 54325 | Zot:5    | Killed a Killer Klown
 54351 | Zot:5    | 54351 ||| Stepping ~*~*~tactically~*~*~ (hiding).
 54368 | Zot:5    | Noticed an orb of fire
 54369 | Zot:5    | 54369 ||| DRINKING 6 potions of resistance.
 54374 | Zot:5    | a Killer Klown changed into a fire giant
 54375 | Zot:5    | Noticed an orb of fire
 54378 | Zot:5    | 54378 ||| INVOKING Finesse.
 54379 | Zot:5    | 54379 ||| INVOKING Heroism.
 54379 | Zot:5    | Noticed an ancient lich
 54383 | Zot:5    | Reached skill level 27 in Fighting
 54390 | Zot:5    | Gained mutation: Your magical capacity is low. (-10% MP)
                  | [an orb of fire]
 54394 | Zot:5    | Noticed a Killer Klown
 54404 | Zot:5    | Noticed a Killer Klown
 54409 | Zot:5    | Lost mutation: You expend magic power (3 MP) to strengthen
                  | your wands. [an orb of fire]
 54410 | Zot:5    | Killed an orb of fire
 54416 | Zot:5    | Killed an ancient lich
 54424 | Zot:5    | Killed an orb of fire
 54447 | Zot:5    | Killed a Killer Klown
 54448 | Zot:5    | Reached skill level 9 in Dodging
 54457 | Zot:5    | HP: 46/193 [Killer Klown/+9 club (13)]
 54458 | Zot:5    | 54458 ||| READING 22 scrolls of teleportation.
 54458 | Zot:5    | HP: 14/193 [Orb Guardian (32)]
 54458 | Zot:5    | Slain by a green draconian

Levels and vault maps discovered:
D:1:      mushboom_english_gardens, layout_basic, serial_curves, eino_curves_04,
          eino_curves_02, ebering_ecumenical_altar_abandoned
D:2:      kennysheep_big_flooded_room, layout_rooms, basic_altar, serial_shops,
          nicolae_shop_hallway_stairs, minmay_split_cup_large
D:3:      cheibrodos_pilgrimage, layout_basic, minmay_gold_behind_fungi,
          uniq_robin, uniq_ijyb
D:4:      wad_woods_stonehenge, layout_gridville, minmay_misc_feat_hallway,
          kennysheep_path_1, minmay_parallelograms
D:5:      cheibrodos_fertilizer, layout_layer_cave, mainiacjoe_overflow_swirl,
          ebering_ghost_disaster_area
D:6:      layout_basic, serial_shops, shop, kennysheep_mini_moat, serial_bayou,
          serial_bayou_shore_b, serial_bayou_lagoon_a, serial_bayou_pond_b,
          serial_bayou_pond_d, serial_bayou_pond_b, uniq_prince_ribbit1,
          uniq_blork_the_orc
D:7:      layout_rooms, minmay_temple_entry_statues_pillars, due_unseen_surprise
D:8:      layout_rooms, mainiacjoe_overflow_alcove_3, uniq_grum, uniq_psyche
D:9:      layout_roguey, uniq_harold, uniq_pikel, uniq_joseph
D:10:     layout_rooms, hellmonk_ghost_happy_afterlife, uniq_maurice, uniq_sonja
D:11:     layout_gridville, erik_lair_orcish_takeover, serial_shops, shop,
          minmay_lizard_king
D:12:     layout_small_grid, orc_0_dummy, mikee_hates_you
D:13:     layout_basic
D:14:     minmay_the_grid_square_5x5_4x4 [minmay_the_grid_square_5x5_two,
          minmay_the_grid_square_5x5_minimal,
          minmay_the_grid_square_5x5_three_small,
          minmay_the_grid_square_5x5_slash, minmay_the_grid_square_5x5_inner_z,
          minmay_the_grid_square_5x5_prize_open,
          minmay_the_grid_square_5x5_prize_rear_guard,
          minmay_the_grid_square_5x5_dogpile,
          minmay_the_grid_square_5x5_eight_small,
          minmay_the_grid_square_5x5_prize_deathbox,
          minmay_the_grid_square_5x5_prize_junk,
          minmay_the_grid_square_5x5_checkered_statues,
          minmay_the_grid_square_5x5_fat_x,
          minmay_the_grid_square_5x5_checkered_sparse,
          minmay_the_grid_square_5x5_forky,
          minmay_the_grid_square_5x5_shuriken], layout_long_grid,
          ximxim_vaults_locker_room, nicolae_kikubaaqudgha_miasma_corner,
          slow_altar_1
D:15:     grunt_enter_depths_snipers, layout_loops_ring, serial_shops, shop,
          hangedman_decor_clover_reticule, minivault_20,
          dreamdust_princess_bridge, minivault_14, serial_bayou_crossing,
          uniq_louise, uniq_agnes, uniq_azrael, uniq_kirke
Lair:1:   layout_cave_pods, dreamdust_gnoll_shepherd, uniq_gastronok,
          uniq_amaemon
Lair:2:   layout_hall_layers, nicolae_quartered_pool_little,
          amcnicky_mini_pool_medium
Lair:3:   layout_long_grid, elwin_shoals_entry_stream,
          spider_nest_entry_funnel_web, chequers_serial_rivers_micro_b
Lair:4:   layout_regular_city, slime_entry_1, cheibrodos_lair_caveside_slide,
          lemuel_fruit_tree, grunt_megastairs_5, uniq_urug
Lair:5:   due_jungle_book, layout_layer_cave, serial_bayou,
          serial_bayou_lagoon_b, serial_bayou_pond_a, serial_bayou_pond_a,
          serial_bayou_lake_a
Shoals:1: layout_shoals, nicolae_shoals_water_shrine
Shoals:2: layout_shoals, uniq_ilsuiw
Shoals:3: layout_shoals, nzn_prometheus_bound
Shoals:4: shoals_end_hellmonk_lost_city, serial_shops
Spider:1: layout_spider_delve, hellmonk_narrow_tunnel, uniq_mlioglotl,
          uniq_rupert
Spider:2: layout_spider_delve, hangedman_spider_tarantella_strand,
          nicolae_spider_cling_halls
Spider:3: layout_spider_delve, drop_trap, nicolae_spider_bzzzt
Spider:4: hellmonk_spider_rune_bug_friends, uniq_bai_suzhen
Orc:1:    layout_caves, rock_pile
Orc:2:    st_orc_ogre_mass, layout_caves
Vaults:1: v_misc_32, special_room_vaults [special_room_orc], v_alt_pattern_6,
          v_alt_pattern_2, vaults_mumra_minichess,
          nicolae_vaults_network_barrier, v_alt_pattern_6,
          nicolae_vaults_ring_of_whatevers, v_misc_25,
          ontoclasm_vaults_loading_screen, vaults_mumra_chevron,
          ontoclasm_vaults_gateway, layout_vaults_maze_snakey, serial_shops,
          nicolae_square_shop, nicolae_shop_hallway_plus, nicolae_shop_crystal,
          shop, nicolae_shop_hallway_stairs
Vaults:2: nicolae_vaults_know_your_exits, v_misc_27,
          nicolae_vaults_shelves_hall, hangedman_vaults_nails,
          vaults_dpeg_encased_lava, v_misc_30, v_misc_5, ontoclasm_vaults_twist,
          vaults_room_hallway, v_pattern_4, hangedman_vaults_nails,
          vaults_dpeg_ring, layout_vaults_omnicross
Vaults:3: ontoclasm_vaults_shuriken, hangedman_vaults_river_flow,
          minmay_crypt_entry_necro_gods, nicolae_vaults_sealed_display,
          nicolae_vaults_network_periphery, nicolae_vaults_big_ls, v_misc_33,
          vaults_room_grunt_arrival_ludios, nicolae_vaults_little_squares_3,
          vaults_dpeg_emergency_exit, layout_vaults_quadrants, enter_trove_3
Vaults:4: gammafunk_ghost_necromancy, door_vault, v_misc_26,
          hangedman_vaults_nodes, nicolae_vaults_triangles,
          hangedman_vaults_maws, v_misc_33, v_misc_13, v_misc_18,
          ontoclasm_vaults_hangar, ontoclasm_vaults_decontamination,
          nicolae_vaults_circle_grid_a, layout_vaults_omnibox
Vaults:5: serial_shops, uniq_xtahua, uniq_margery
Depths:1: layout_roguey, minmay_misc_feat_ornament, abyss_entry_crystal,
          rand_demon_pan_entry_4, hell_entry, minmay_guarded_unrand_tortoise,
          minmay_shoptagon
Depths:2: minmay_eyes, layout_gridlike, enter_ziggurat_c,
          rand_demon_pan_entry_7, hangedman_coc_ice_floe,
          minmay_staircase_windowed_large, st_stairs_14,
          minmay_guarded_unrand_vampires_tooth, uniq_saint_roka
Depths:3: emtedronai_trogs_sanctum, layout_basic, grunt_pan_entry_in_and_out,
          hell_entry, abyss_entry, minmay_misc_feat_doors, grunt_gozag_statues,
          minmay_shop_grove, uniq_jory, uniq_sojobo
Depths:4: evilmike_zot_entry_gauntlet, layout_gridlike,
          nicolae_hell_entry_hellmouth_sunbeams, mu_enter_wizlab_1,
          gammafunk_ghost_cemetery, doesnt_xom_only_xom, uniq_parghit,
          uniq_frederick
Zot:1:    layout_onion_interference, grunt_ministairs_10, evilmike_ambush
          [evilmike_ambush_outer_doors, evilmike_ambush_inner_basic]
Zot:2:    layout_gridlike
Zot:3:    grunt_zot_stairs_mandelzot, layout_cathedral_of_symmetry
Zot:4:    layout_onion_interference
Zot:5:    layout_misc_corridors

Skill      XL: |  1  2  3  4  5  6  7  8  9 10 11 12 13 14 15 16 17 18 19 20 21 22 23 24 25 26 |
---------------+-------------------------------------------------------------------------------+-----
Axes           | 2 3 4 5 6 7 8 9 10 11 13 15 16 17 18 | 18.0
Fighting       | 4 6 7 8 9 10 11 12 13 14 15 17 19 20 22 24 26 27 | 27.0
Dodging        | 1 2 3 4 5 6 7 9 |  9.0
Armour         | 4 5 6 7 8 9 11 15 18 19 20 22 | 22.0
Invocations    | 1 4 6 9 10 11 | 11.6
Throwing       | 1 2 4 5 6 7 9 10 11 12 13 15 | 15.0
Shields        | 4 5 6 7 8 11 16 18 19 20 21 22 | 22.0

Action                   |  1- 3 |  4- 6 |  7- 9 | 10-12 | 13-15 | 16-18 | 19-21 | 22-24 | 25-27 || total
-------------------------+-------+-------+-------+-------+-------+-------+-------+-------+-------++-------
Melee: War axe           |    99 |   151 |   229 |   445 |   735 |       |       |       |       ||  1659
       Unarmed           |       |     6 |       |     9 |     5 |       |       |       |    16 ||    36
       Morningstar       |       |       |       |     5 |       |       |       |       |       ||     5
       Demon whip        |       |       |       |       |     8 |       |       |       |       ||     8
       Eveningstar       |       |       |       |       |    55 |     3 |       |       |       ||    58
       Broad axe         |       |       |       |       |   167 |  1475 |  1650 |  1629 |   921 ||  5842
       Peck              |       |       |       |       |       |       |       |       |   162 ||   162
Throw: Boomerang         |       |       |    25 |    67 |    13 |       |       |       |       ||   105
       Javelin           |       |       |       |       |   112 |   117 |   148 |    80 |    72 ||   529
Invok: Heroism           |       |       |    10 |    24 |    47 |    55 |    45 |    38 |    24 ||   243
       Finesse           |       |       |       |     3 |    13 |    17 |    10 |    11 |     4 ||    58
Evoke: Wand              |       |       |       |       |       |       |       |     3 |       ||     3
  Use: Scroll            |     2 |     6 |    13 |     7 |     4 |    11 |     9 |     2 |     2 ||    56
       Potion            |       |     3 |     2 |     1 |       |     4 |     3 |     6 |     6 ||    25
 Stab: Confused          |       |     3 |       |     1 |       |       |       |       |       ||     4
       Distracted        |       |       |       |       |       |     1 |       |       |       ||     1
       Petrified         |       |       |       |       |       |       |       |     5 |       ||     5
Armor: Scale mail        |    47 |    11 |       |       |       |       |       |       |       ||    58
       Chain mail        |       |    70 |    34 |       |       |       |       |       |       ||   104
       Plate armour      |       |       |   117 |   152 |       |       |       |       |       ||   269
       Quicksilver drago |       |       |       |    99 |   417 |   326 |       |       |       ||   842
       Skin              |       |       |       |     3 |     4 |       |       |       |       ||     7
       Gold dragon scale |       |       |       |       |       |   136 |   702 |  1172 |   406 ||  2416
Dodge: Dodged            |    36 |    48 |    69 |   163 |   382 |   521 |   537 |   624 |   216 ||  2596
Block: Buckler           |    17 |    20 |    29 |    92 |   169 |       |       |       |       ||   327
       Tower shield      |       |       |       |       |    75 |  1377 |  1371 |  1843 |  1102 ||  5768
       Reflection        |       |       |       |       |       |       |       |    11 |    27 ||    38
       Other             |       |       |       |       |       |       |       |       |     4 ||     4

Table legend:
 A = Non-vault XP
 B = Vault XP
 C = Vault XP percentage of total XP
 D = Non-vault monster count
 E = Vault monster count
 F = Vault count percentage of total count
                 A         B        C        D         E       F
            +---------+---------+-------+---------+---------+-------
      Total |  619008 |  574989 |  48.2 |    1233 |     797 |  39.3
            +---------+---------+-------+---------+---------+-------
        D:1 |      56 |       0 |   0.0 |      29 |       0 |   0.0
        D:2 |      38 |      28 |  42.4 |      14 |       6 |  30.0
        D:3 |      46 |     150 |  76.5 |      13 |      17 |  56.7
        D:4 |     456 |      41 |   8.2 |      18 |       8 |  30.8
        D:5 |     212 |     551 |  72.2 |       5 |      16 |  76.2
        D:6 |    1312 |     621 |  32.1 |      23 |       5 |  17.9
        D:7 |    1179 |       0 |   0.0 |      16 |       0 |   0.0
        D:8 |     597 |    1001 |  62.6 |      10 |       6 |  37.5
        D:9 |    3908 |    2049 |  34.4 |      19 |       3 |  13.6
       D:10 |    1726 |    1194 |  40.9 |      26 |       2 |   7.1
       D:11 |    6387 |    2196 |  25.6 |      21 |      15 |  41.7
       D:12 |    4614 |       0 |   0.0 |      20 |       0 |   0.0
       D:13 |    9605 |       0 |   0.0 |      19 |       0 |   0.0
       D:14 |   11686 |   24770 |  67.9 |      23 |      50 |  68.5
       D:15 |    5827 |   11145 |  65.7 |      18 |      18 |  50.0
     Lair:1 |    3108 |    3595 |  53.6 |      13 |       8 |  38.1
     Lair:2 |    4801 |     689 |  12.6 |      19 |       3 |  13.6
     Lair:3 |    5606 |    2421 |  30.2 |      22 |       9 |  29.0
     Lair:4 |    8665 |    2380 |  21.5 |      29 |       9 |  23.7
     Lair:5 |    8083 |   12253 |  60.3 |      29 |      27 |  48.2
   Shoals:1 |   23069 |    3986 |  14.7 |      46 |       8 |  14.8
   Shoals:2 |    7217 |    3618 |  33.4 |      15 |       5 |  25.0
   Shoals:3 |   23525 |    1771 |   7.0 |      46 |       3 |   6.1
   Shoals:4 |   17429 |   28988 |  62.5 |      37 |      42 |  53.2
   Spider:1 |    7892 |    6166 |  43.9 |      24 |       7 |  22.6
   Spider:2 |   13706 |     277 |   2.0 |      35 |       1 |   2.8
   Spider:3 |   11518 |    3101 |  21.2 |      29 |       6 |  17.1
   Spider:4 |   16769 |   23068 |  57.9 |      46 |      26 |  36.1
      Orc:1 |    2064 |     868 |  29.6 |      47 |       5 |   9.6
      Orc:2 |    9871 |   13742 |  58.2 |      69 |      37 |  34.9
   Vaults:1 |   16616 |   34084 |  67.2 |      25 |      62 |  71.3
   Vaults:2 |   19176 |   13208 |  40.8 |      32 |      23 |  41.8
   Vaults:3 |   22239 |   40559 |  64.6 |      33 |      53 |  61.6
   Vaults:4 |    3748 |   46706 |  92.6 |       6 |      56 |  90.3
   Vaults:5 |   29469 |   80637 |  73.2 |      35 |      71 |  67.0
   Depths:1 |   43538 |   10343 |  19.2 |      54 |      14 |  20.6
   Depths:2 |   49235 |   27165 |  35.6 |      56 |      49 |  46.7
   Depths:3 |   30383 |   12982 |  29.9 |      34 |      15 |  30.6
   Depths:4 |   18486 |   32065 |  63.4 |      18 |      36 |  66.7
      Zot:1 |   28148 |   32224 |  53.4 |      28 |      25 |  47.2
      Zot:2 |   36077 |       0 |   0.0 |      34 |       0 |   0.0
      Zot:3 |   53057 |   27801 |  34.4 |      49 |      23 |  31.9
      Zot:4 |   28140 |       0 |   0.0 |      25 |       0 |   0.0
      Zot:5 |   29724 |   66546 |  69.1 |      24 |      28 |  53.8
            +---------+---------+-------+---------+---------+-------
